Cogmind - Beta 12 *** ADVENTURER MODE // 2023.05.17 @ 16:24:10 // Winter2019/RPGLIKE Player: Kiks Result: Self-destructed Performance ------------- Evolutions (8) 4000 Regions Visited (34) 6800 Robots Destroyed (814) 4070 Value Destroyed (36661) 36661 Prototype IDs (36) 720 Alien Tech Used (5) 1000 Bonus (29955) 29955 TOTAL SCORE: 83206 Bonus ------- Triggered High Security 1000 High Alert Combat Kills 15428 Follower Combat Kills 2431 Entered Garrisons 400 Entered DSFs 500 Network Hubs Disabled 800 Met Data Miner 300 Destroyed Z-Imprinter 1000 Built Enhanced Grunts 300 A7 Reached Mainframe 300 Met R17 at Cetus 500 Used Core Reset Matrix 3000 Met R17 at Research 2000 Scanned by Researcher 1000 Met Sigix 2000 Friendly Fire -1004 Cogmind --------- Core Integrity 306/850 Matter 400/400 Energy 343/1300 System Corruption 3% Temperature Cool (0) Movement Walking (135) Location -2/Section 7 Parts ------- > --- POWER (2) -------- Assembled Flux Generator > --- PROPULSION (4) --- Flexi-carbon Leg Myomer Leg Assembled Alloy Leg Assembled Alloy Leg > --- UTILITY (11) ----- Assembled Nanovents Assembled Nanovents Assembled Nanovents Assembled Biocell Array Assembled Suspension Frame Assembled Combat Suite Assembled Alloy Armor Assembled Alloy Armor Improved System Restoration Module (fused) GOLEM Unit > --- WEAPON (5) ------- Assembled Focal Cannon Assembled Focal Cannon Assembled Focal Cannon > --- INVENTORY (5) ---- High-powered Transdimensional Reconstructor Subatomic Replicator Sigix Containment Pod Peak State ------------ > --- POWER ------------ Assembled Flux Generator > --- PROPULSION ------- Flexi-carbon Leg Myomer Leg Assembled Alloy Leg Assembled Alloy Leg > --- UTILITY ---------- Assembled Nanovents Assembled Nanovents Assembled Nanovents Assembled Biocell Array Assembled Biocell Array Assembled Suspension Frame Assembled Combat Suite Assembled Alloy Armor Assembled Alloy Armor GOLEM Unit > --- WEAPON ----------- Assembled Focal Cannon Assembled Focal Cannon Assembled Focal Cannon Core Cannon > --- INVENTORY -------- Advanced Power Amplifier Transdimensional Reconstructor Transdimensional Reconstructor High-powered Transdimensional Reconstructor Subatomic Replicator [Rating: 204] Favorites ----------- Power Assembled Flux Generator Engine Light Ion Engine Power Core Light Nuclear Core Reactor Assembled Flux Generator Propulsion Assembled Alloy Leg Leg Assembled Alloy Leg Hover Unit Zionite Glidesys I Flight Unit Improved VTOL Module Utility Assembled Nanovents Device Assembled Nanovents Storage Assembled Biocell Array Processor Advanced Targeting Computer Protection Assembled Alloy Armor Weapon Assembled Focal Cannon Energy Gun Zionite Laser-S Energy Cannon Assembled Focal Cannon Ballistic Gun Minigun Ballistic Cannon Battle Cannon Build | -11 -10 -10 -9 -9 -9 -8 -8 -8 -8 -7 -7 -7 -7 -7 -7 -6 -6 -6 -6 -6 -6 -5 -5 -5 -4 -4 -4 -4 -4 -3 -3 -2 -2 -2 ------- Run | Jun Mat Min Mat Min Exi Min Mat Gar Mat Fac Gar Fac Low Low Dat Pro Fac Low Low Zio Dee Pro Fac DSF Fac Ext Cet Arc Hub Res Qua Res Tes Sec Slots Evolved 18 | 3 . . 3 . . . 4 . 2 . . . . 1 . . . . . . 1 1 . . . 1 . . 1 1 . . . . Power 1 | . . . . . . . . . . . . . . . . . . . . . . 1 . . . . . . . . . . . . Propulsion 3 | 1 . . 1 . . . 1 . . . . . . . . . . . . . . . . . . . . . . . . . . . Utility 10 | 1 . . 1 . . . 1 . 2 . . . . 1 . . . . . . 1 . . . . 1 . . 1 1 . . . . Weapon 4 | 1 . . 1 . . . 2 . . . . . . . . . . . . . . . . . . . . . . . . . . . Parts Attached 128 | 6 4 2 8 1 . . 16 . 4 10 17 10 1 1 . 1 . . . 2 16 3 . 3 1 1 . . 6 1 3 . 9 2 Power 9 | 1 . . 1 1 . . . . . 1 3 1 . . . . . . . . 1 . . . . . . . . . . . . . Engine 3 | 1 . . 1 . . . . . . . 1 . . . . . . . . . . . . . . . . . . . . . . . Core 5 | . . . . 1 . . . . . 1 2 1 . . . . . . . . . . . . . . . . . . . . . . Reactor 1 | . . . . . . . . . . . . . . . . . . . . . 1 . . . . . . . . . . . . . Propulsion 26 | 2 . . 2 . . . 5 . . . 5 1 . . . . . . . . 4 . . 2 . . . . 1 . 1 . 2 1 Treads . | . . . . . . . . . . . . . . . . . . . . . . . . . . . . . . . . . . . Leg 12 | 2 . . 2 . . . 1 . . . . . . . . . . . . . . . . 2 . . . . 1 . 1 . 2 1 Wheel . | . . . . . . . . . . . . . . . . . . . . . . . . . . . . . . . . . . . Hover 4 | . . . . . . . . . . . . . . . . . . . . . 4 . . . . . . . . . . . . . Flight 10 | . . . . . . . 4 . . . 5 1 . . . . . . . . . . . . . . . . . . . . . . Utility 48 | . 2 . 2 . . . 5 . 4 7 4 4 1 1 . . . . . . 5 2 . . 1 . . . 4 1 1 . 4 . Device 27 | . 1 . . . . . 1 . 3 6 3 3 1 . . . . . . . . 2 . . 1 . . . 3 . . . 3 . Storage 3 | . 1 . . . . . . . . . . . . . . . . . . . 1 . . . . . . . . . . . 1 . Processor 10 | . . . . . . . 4 . . 1 1 1 . . . . . . . . . . . . . . . . 1 1 1 . . . Hackware . | . . . . . . . . . . . . . . . . . . . . . . . . . . . . . . . . . . . Protection 8 | . . . 2 . . . . . 1 . . . . 1 . . . . . . 4 . . . . . . . . . . . . . Artifact . | . . . . . . . . . . . . . . . . . . . . . . . . . . . . . . . . . . . Weapon 45 | 3 2 2 3 . . . 6 . . 2 5 4 . . . 1 . . . 2 6 1 . 1 . 1 . . 1 . 1 . 3 1 Energy Gun 5 | 2 . . . . . . . . . . . . . . . . . . . . 3 . . . . . . . . . . . . . Energy Cannon 15 | . . . . . . . . . . 1 . 1 . . . . . . . 1 3 1 . 1 . 1 . . 1 . 1 . 3 1 Ballistic Gun 24 | 1 2 1 3 . . . 6 . . 1 5 3 . . . 1 . . . 1 . . . . . . . . . . . . . . Ballistic Cannon 1 | . . 1 . . . . . . . . . . . . . . . . . . . . . . . . . . . . . . . . Launcher . | . . . . . . . . . . . . . . . . . . . . . . . . . . . . . . . . . . . Special Weapon . | . . . . . . . . . . . . . . . . . . . . . . . . . . . . . . . . . . . Impact Weapon . | . . . . . . . . . . . . . . . . . . . . . . . . . . . . . . . . . . . Slashing Weapon . | . . . . . . . . . . . . . . . . . . . . . . . . . . . . . . . . . . . Piercing Weapon . | . . . . . . . . . . . . . . . . . . . . . . . . . . . . . . . . . . . Special Melee Weapon . | . . . . . . . . . . . . . . . . . . . . . . . . . . . . . . . . . . . Unidentified Prototypes 27 | . . . 1 . . . 2 . . 2 . 5 . . . . . . . . 7 . . . . . . . 4 . 3 . 3 . Parts Lost 6 | . . . . . . . . . . . . . . . . . . . . . . . . . . 1 . . 2 . . 1 . 2 Power . | . . . . . . . . . . . . . . . . . . . . . . . . . . . . . . . . . . . Propulsion . | . . . . . . . . . . . . . . . . . . . . . . . . . . . . . . . . . . . Utility 4 | . . . . . . . . . . . . . . . . . . . . . . . . . . 1 . . 2 . . 1 . . Weapon 2 | . . . . . . . . . . . . . . . . . . . . . . . . . . . . . . . . . . 2 Highest Loss Streak 2 | . . . . . . . . . . . . . . . . . . . . . . . . . . 1 . . 2 . . 1 . 1 To Critical Strikes 1 | . . . . . . . . . . . . . . . . . . . . . . . . . . . . . . . . . . 1 Average Slot Usage (%) 90 | . 78 100 99 100 100 100 99 100 99 100 96 99 100 94 100 100 100 100 100 100 98 51 73 85 89 89 90 90 89 90 86 86 86 82 Engine 1 | . 14 14 10 . . . . . . . . . . . . . . . . . . . . . . . . . . . . . . . Core 2 | . . . . 9 10 10 8 7 6 6 5 6 6 5 5 5 5 5 5 5 2 . . . . . . . . . . . . . Reactor 2 | . . . . . . . . . . . . . . . . . . . . . 2 4 5 5 5 5 5 5 4 4 4 4 4 4 Leg 15 | . 28 28 26 30 30 30 11 . . . . . . . . . . . . . . 8 10 17 21 20 20 20 19 18 17 18 18 17 Flight 6 | . . . . . . . 17 28 25 25 24 24 25 23 23 23 23 23 23 23 12 . . . . . . . . . . . . . Device 19 | . 1 14 10 10 10 10 4 . 5 11 15 18 18 17 17 17 17 17 17 17 14 18 26 26 26 26 30 30 28 25 25 27 25 29 Storage 5 | . 5 14 10 10 10 10 8 7 6 . . . . . . . . . . . 1 3 5 5 5 5 5 5 4 4 9 9 10 4 Processor 4 | . . . . . . . 9 21 18 18 18 18 18 17 17 17 17 17 17 17 16 . . . . . . . . 2 . . . . Protection 6 | . . . 9 10 10 10 6 . 5 6 . . . . 5 5 5 5 5 5 7 3 5 5 5 5 5 5 8 9 9 9 9 8 Energy Cannon 11 | . . . . . . . . . . . . . . . . . . . . . 6 10 21 26 26 25 25 25 23 22 19 18 18 16 Ballistic Gun 13 | . 17 28 31 30 30 30 32 35 31 31 30 31 31 29 29 29 29 29 29 28 17 . . . . . . . . . . . . . Naked Turns . | . . . . . . . . . . . . . . . . . . . . . . . . . . . . . . . . . . . Heaviest Build 127 | 6 9 9 23 23 21 21 27 23 27 32 30 41 41 43 43 45 45 45 45 45 45 104 104 114 114 116 116 116 122 122 122 113 127 127 Greatest Support 150 | 20 20 20 33 33 33 33 40 40 40 40 40 45 45 45 45 45 45 45 45 45 81 105 105 145 145 145 145 145 150 150 150 150 150 150 Greatest Overweight (x) 1 | . . . . . . . . . . . . . . . . . . . . . 1 1 . 1 . . . . . . . . . 1 Average Overweight (x) . | . . . . . . . . . . . . . . . . . . . . . . . . . . . . . . . . . . . Largest Inventory Capacity 5 | 4 4 4 4 4 4 4 4 4 4 5 5 5 5 5 5 5 5 5 5 5 5 5 5 5 5 5 5 5 5 5 5 5 5 5 Average Capacity 4 | 2 4 4 4 4 4 4 4 4 4 4 5 5 5 5 5 5 5 5 5 5 5 5 5 5 5 5 5 5 5 5 5 5 5 5 Most Carried 5 | . . . 4 4 3 4 4 4 4 5 5 5 5 5 5 5 5 5 5 5 5 5 2 5 5 5 5 5 5 5 5 5 5 5 Average Carried 3 | . . . 1 3 3 3 3 4 3 4 5 5 5 5 5 5 5 5 5 4 4 1 2 2 4 4 5 5 5 3 4 5 5 4 Final Capacity 5 | 4 4 4 4 4 4 4 4 4 4 5 5 5 5 5 5 5 5 5 5 5 5 5 5 5 5 5 5 5 5 5 5 5 5 5 Final Carried 5 | . . . 4 3 3 4 4 4 4 5 5 5 5 5 5 5 5 5 5 4 5 2 2 5 5 5 5 5 5 3 5 5 5 4 Class Distribution -------------------- 51% | Hacker-Golem 16% | Hacker-Sprinter 11% | Scavenger-Gunner 7% | Sprinter 6% | Mutant Dominant Class ---------------- Mutant | -10/Materials Mutant | -10/Mines Gunner | -9/Materials Scavenger-Gunner | -9/Mines Scavenger-Gunner | -9/Exiles Scavenger-Gunner | -8/Mines Sprinter | -8/Materials Sprinter | -8/Garrison Sprinter | -8/Materials Hacker-Sprinter | -7/Factory Hacker-Sprinter | -7/Garrison Hacker-Sprinter | -7/Factory Hacker-Sprinter | -7/Lower Caves Hacker-Sprinter | -7/Lower Caves Hacker-Sprinter | -7/Data Miner Hacker-Sprinter | -6/Proximity Caves Hacker-Sprinter | -6/Factory Hacker-Sprinter | -6/Lower Caves Hacker-Sprinter | -6/Lower Caves Hacker-Sprinter | -6/Zion Hacker-Sprinter | -6/Deep Caves Hacker-Golem | -5/Proximity Caves Hacker-Golem | -5/Factory Hacker-Golem | -5/DSF Hacker-Golem | -4/Factory Hacker-Golem | -4/Extension Hacker-Golem | -4/Cetus Commander-Golem | -4/Archives Hacker-Golem | -4/Hub_04(d) Hacker-Golem | -3/Research Hacker-Golem | -3/Quarantine Hacker-Golem | -2/Research Hacker-Golem | -2/Testing Hacker-Golem | -2/Section 7 Resources | -11 -10 -10 -9 -9 -9 -8 -8 -8 -8 -7 -7 -7 -7 -7 -7 -6 -6 -6 -6 -6 -6 -5 -5 -5 -4 -4 -4 -4 -4 -3 -3 -2 -2 -2 ----------- Run | Jun Mat Min Mat Min Exi Min Mat Gar Mat Fac Gar Fac Low Low Dat Pro Fac Low Low Zio Dee Pro Fac DSF Fac Ext Cet Arc Hub Res Qua Res Tes Sec Matter Collected 12768 | 176 328 56 673 340 . 160 1118 1146 2000 545 1515 2250 195 145 . 310 524 140 . . 700 30 . 30 . 20 . . 82 28 50 . 121 86 Remotely 7738 | . 10 56 673 340 . 160 371 . 1738 535 1465 2250 140 . . . . . . . . . . . . . . . . . . . . . Salvage Created 37543 | 70 438 174 1190 562 . 204 1514 1053 4219 787 1688 4457 279 148 . 398 1417 355 88 . 1015 227 . 579 475 1040 289 31 3425 2683 2129 3817 910 1882 Parts 2116 | 1 31 9 98 30 . 23 129 99 256 45 101 197 22 9 . 26 54 5 5 . 74 22 . 29 28 53 10 5 175 121 126 158 47 128 Haulers Intercepted 28 | . 1 . 3 . . . 4 . 6 3 . 7 . . . . . . . . . . . . 1 . . . 1 1 1 . . . Recyclers Shooed 6 | . 2 . 1 . . . 1 . . . . 1 . . . . 1 . . . . . . . . . . . . . . . . . Parts Field Recycled . | . . . . . . . . . . . . . . . . . . . . . . . . . . . . . . . . . . . Retrieved Matter . | . . . . . . . . . . . . . . . . . . . . . . . . . . . . . . . . . . . Parts Self-Destructed 84 | . . . . . . . . . . . . . 22 8 . 26 . 5 5 . . 18 . . . . . . . . . . . . Prevented 7 | . . . . . . . . . . . . . . . . 3 . . . . . 4 . . . . . . . . . . . . Kills | -11 -10 -10 -9 -9 -9 -8 -8 -8 -8 -7 -7 -7 -7 -7 -7 -6 -6 -6 -6 -6 -6 -5 -5 -5 -4 -4 -4 -4 -4 -3 -3 -2 -2 -2 ------- Run | Jun Mat Min Mat Min Exi Min Mat Gar Mat Fac Gar Fac Low Low Dat Pro Fac Low Low Zio Dee Pro Fac DSF Fac Ext Cet Arc Hub Res Qua Res Tes Sec Combat Hostiles Destroyed 625 | . 7 2 24 22 . 8 29 32 63 16 44 74 11 3 . 15 23 4 3 . 18 9 . 9 7 14 4 1 43 32 27 42 10 29 Melee 1 | . . . . . . . . . . . 1 . . . . . . . . . . . . . . . . . . . . . . . Guns 394 | . 7 2 24 22 . 8 29 32 63 16 43 74 11 3 . 15 22 4 3 . 16 . . . . . . . . . . . . . Cannons 216 | . . . . . . . . . . . . . . . . . . . . . . 9 . 9 7 12 3 1 40 31 26 42 10 26 AOE 4 | . . . . . . . . . . . . . . . . . 1 . . . . . . . . . . . . . . . . 3 Classes Destroyed 33 | 1 5 1 1 3 . 1 3 3 1 . 3 . . . . 2 1 . . . 2 . . . . . . . . 1 1 2 2 . Worker 41 | . . 1 1 2 . . 5 . 5 1 . 12 . . . . 2 . . . . . . . . . . . 7 . 2 2 . 1 Builder 31 | . . . . . . . 3 . 5 . . 8 . . . . . . . . . . . . . 1 . . 2 2 3 4 1 2 Tunneler 10 | . 1 . 1 1 . 3 . . . . . 1 . . . . . . . . . . . . . . . . . 2 . 1 . . Hauler 28 | . 1 . 3 . . . 4 . 6 3 . 7 . . . . . . . . . . . . 1 . . . 1 1 1 . . . Recycler 19 | 1 1 1 1 . . . 1 . 1 1 . 1 . . . . 1 . . . . . . . . 2 . . 2 3 1 2 . . Carrier 2 | . . . . . . . . . . . . . . . . . . . . . . . . . . . . . . . . 2 . . Minesweeper 2 | . . . . . . . . . . . . . . . . 1 . . . . . 1 . . . . . . . . . . . . Mechanic 8 | . . . . . . . 2 . 1 . . 3 . . . . 1 . . . . . . . . . . . . . 1 . . . Operator 21 | . . . . . . . 2 . 3 1 1 3 . . . . 1 . . . . . . . 1 . . 1 3 . 1 1 2 1 Drone 3 | . . . . . . . . . . . . . . . . 2 . . . . . 1 . . . . . . . . . . . . Watcher 44 | . 3 . 5 . . . 4 . 5 2 . 4 . . . . 1 . . . . . . . 2 1 1 . 4 1 3 4 2 2 Swarmer 119 | . 3 . 7 9 . 5 10 6 6 8 14 11 3 . . 6 6 . . . . 4 . . 5 2 1 . 2 3 4 . . 4 Cutter 7 | . . . . . . . . 3 . . . . . . . . . . . . . . . . . . . . . . . . . 4 Saboteur 3 | . . . . . . . . . . . 2 . . . . . . . . . . . . . . . . . . . . 1 . . Grunt 220 | . 4 2 8 3 . 2 9 8 35 7 14 31 4 2 . 6 11 3 2 . . . . 7 . 6 1 . 15 8 10 14 3 5 Brawler 20 | . . . . . . . . . 4 . 3 6 . 1 . . 1 . 1 . . . . . . . . . 2 . . 2 . . Duelist 17 | . . . . 1 . . 1 . 3 . 1 4 2 . . . 1 1 . . . . . . . . . . . . . 3 . . Protector 15 | . . . . . . . . . 3 . . 7 . . . . . . . . . . . . . . . . 3 . 1 1 . . Researcher 3 | . . . . . . . . . . . . . . . . . . . . . . . . . . . . . . . 2 . . 1 Sentry 70 | . . . 9 . . . 8 6 12 . 3 6 1 . . 1 2 . . . . . . . . 5 . 1 3 5 . 4 . 4 Demolisher 4 | . . . . 1 . . . . . . . . . . . . . . . . . . . . . . . . . 3 . . . . Specialist 11 | . . . . . . . . . . . 4 1 . . . . . . . . . . . 1 . . . . . . 3 2 . . Hunter 41 | . . . . . . 1 1 . . . . 6 . . . . 1 . . . . 3 . . . . . . 2 8 4 8 2 5 Programmer 40 | . . . . . . . . 6 . 1 2 2 1 . . . . . . . . . . . 2 . . . 5 2 5 5 4 5 Heavy 5 | . . . . . . . . . . . 1 . . . . . . . . . . . . 1 . . . . 2 . . 1 . . Q-Series 2 | . . . . . . . . . . . . . . . . . . . . . . . . . . . . . . . . 1 . 1 Behemoth 4 | . . . . . . . . . . . . . . . . . 1 . . . . 1 . . . 1 . . . 1 . . . . Cetus Guard 2 | . . . . . . . . . . . . . . . . . . . . . . . . . . . 2 . . . . . . . S7 Guard 1 | . . . . . . . . . . . . . . . . . . . . . . . . . . . . . . . . . . 1 Lightning 9 | . . . . . . . . . . . . . . . . . . . . . . . . . . . . . 9 . . . . . Striker 2 | . . . . . . . . . . . . . . . . . . . . . . . . . . . . . . 2 . . . . Alpha 7 1 | . . . . . . . . . . . . . . . . . . . . . . . . . . . . . . . . . 1 . Z-Technician 5 | . . . . . . . . . . . . . . . . . . . . . 5 . . . . . . . . . . . . . Z-Light 11 | . . . . . . . . . . . . . . . . . . . . . 11 . . . . . . . . . . . . . Assembled 11 | . . . . 8 . . . . . . . . . . . . . . . . 3 . . . . . . . . . . . . . Golem 3 | . . . . . . . . . . . . . . . . . . . . . 3 . . . . . . . . . . . . . Thug 2 | . . . . . . . . 1 . . . 1 . . . . . . . . . . . . . . . . . . . . . . Savage 1 | . . . . . . . . 1 . . . . . . . . . . . . . . . . . . . . . . . . . . Guerrilla 1 | . . . . . . . . 1 . . . . . . . . . . . . . . . . . . . . . . . . . . Knight 2 | . . . . . . . . . . . . . . . . . . . . . . . . . . . . . . . . . 2 . Best Kill Streak 29 | 1 3 3 8 7 . 3 26 13 29 14 8 24 7 3 . 7 13 4 3 . 11 6 . 6 6 3 2 2 14 8 5 10 3 11 Combat Bots Only 24 | . 3 2 7 7 . 3 7 13 24 10 8 12 7 3 . 7 13 4 3 . 6 6 . 6 5 3 2 1 9 6 5 8 3 9 Max Kills in Single Turn 3 | 1 1 1 2 2 . 1 2 2 2 2 3 3 2 2 . 2 2 2 2 . 2 2 . 2 2 2 2 1 3 2 3 2 1 3 Gunslinging 2 | . . . 1 1 . . 1 1 1 1 2 1 1 1 . 1 1 1 1 . 1 . . . . . . . . . . . . . Exploded 3 | . . . . . . . . . . . . . . . . . 1 . . . . . . . . . . . . . . . . 3 Melee 1 | . . . . . . . . . . . 1 . . . . . . . . . . . . . . . . . . . . . . . Uniques/NPCs Destroyed 1 | . . . . . . . . . . . . . . . . . . . . . 1 . . . . . . . . . . . . . Z-Imprinter (-6/Deep Caves) Combat | -11 -10 -10 -9 -9 -9 -8 -8 -8 -8 -7 -7 -7 -7 -7 -7 -6 -6 -6 -6 -6 -6 -5 -5 -5 -4 -4 -4 -4 -4 -3 -3 -2 -2 -2 -------- Run | Jun Mat Min Mat Min Exi Min Mat Gar Mat Fac Gar Fac Low Low Dat Pro Fac Low Low Zio Dee Pro Fac DSF Fac Ext Cet Arc Hub Res Qua Res Tes Sec Damage Taken 15678 | . 191 267 624 273 . 65 504 302 553 57 500 654 24 41 . 53 267 31 . . 888 254 . 550 95 730 82 14 1720 1074 700 1759 1580 1826 Core 11645 | . 162 221 459 193 . 50 375 244 387 44 383 531 21 32 . 40 189 18 . . 530 189 . 392 72 549 60 11 1322 801 516 1336 1155 1363 Absorbed by Shields 87 | . . . . . . . . . . . 13 . . . . . . . . . . . . . . 47 27 . . . . . . . Redirected to Core 9986 | . 88 148 331 161 . 42 305 190 345 44 315 418 11 32 . 40 141 18 . . 431 165 . 354 63 504 60 11 1148 750 464 1229 1042 1136 Redirected to Shielding 198 | . . . . . . . . . . . . . . . . . . . . . 186 12 . . . . . . . . . . . . Core Remaining (%) 91 | 100 . 70 . . . 100 . . 100 . . . . . . 100 . . . . . 100 . 88 . . . . 76 . 85 . . . Volleys Fired 1183 | 2 40 18 65 33 . 16 67 56 99 24 71 111 14 2 . 18 27 4 4 3 32 14 . 14 9 22 7 2 73 61 53 82 75 65 Largest 5 | 2 2 2 3 3 . 3 5 5 5 5 5 5 5 5 . 5 5 5 5 1 5 4 . 5 5 5 5 5 5 5 5 4 4 3 Hottest 375 | 80 80 40 69 69 . 69 119 123 123 123 123 145 145 145 . 153 153 153 153 90 207 207 . 263 263 263 263 263 263 263 375 375 375 200 Shots Fired 4648 | 3 80 36 191 99 . 48 287 280 489 118 353 555 70 10 . 90 131 20 20 3 134 48 . 45 30 106 29 10 302 266 183 250 191 171 Gun 3002 | 3 80 36 191 99 . 48 287 280 489 118 353 555 70 10 . 90 131 20 20 . 122 . . . . . . . . . . . . . Cannon 1646 | . . . . . . . . . . . . . . . . . . . . 3 12 48 . 45 30 106 29 10 302 266 183 250 191 171 Launcher . | . . . . . . . . . . . . . . . . . . . . . . . . . . . . . . . . . . . Special . | . . . . . . . . . . . . . . . . . . . . . . . . . . . . . . . . . . . Kinetic 2961 | . 54 36 191 99 . 48 287 280 489 118 353 555 70 10 . 90 131 20 20 . 110 . . . . . . . . . . . . . Thermal 1646 | 2 13 . . . . . . . . . . . . . . . . . . 3 12 33 . 45 30 106 29 10 302 266 183 250 191 171 Explosive . | . . . . . . . . . . . . . . . . . . . . . . . . . . . . . . . . . . . Electromagnetic 41 | 1 13 . . . . . . . . . . . . . . . . . . . 12 15 . . . . . . . . . . . . Robot Hit Streak 98 | 2 11 29 13 22 . 8 41 29 32 26 72 48 38 16 . 18 22 23 40 . 18 32 . 17 23 28 42 52 47 38 98 34 37 36 Robot Miss Streak 7 | . 2 2 7 2 . 2 2 2 2 2 2 2 3 . . 1 2 . . . 1 1 . 1 1 3 . . 2 1 1 1 1 2 Penetration Max 2 | . . . . . . . . . . . . 1 1 . . . 1 . . . 1 . . . . . . . . . 1 2 . . Secondary Targets 122 | . 2 1 6 6 . 2 5 8 26 5 13 24 3 1 . 2 9 3 1 . 5 . . . . . . . . . . . . . Max Gunslinging Chain 2 | . 1 1 1 1 . 1 1 1 2 2 2 2 1 1 . 1 1 2 1 . 2 . . . . . . . . . . . . . Shots Hit Robots 2993 | 2 56 31 143 71 . 31 189 113 338 68 181 371 38 10 . 45 93 17 17 . 97 32 . 33 15 66 14 10 190 158 108 188 142 126 Core Hits 1396 | 2 29 10 51 33 . 15 73 54 167 35 82 185 16 5 . 22 49 9 7 . 43 12 . 16 12 28 8 5 113 69 56 90 45 55 Critical Kills 29 | . . . . 1 . . 2 . 1 . . 10 2 . . 4 . . . . 2 . . . . . 1 . 2 1 2 1 . . Critical Parts Destroyed 36 | . 1 . 1 1 . 1 3 1 3 . 1 9 3 . . 1 1 1 1 . 3 . . . . . . . . . 2 3 . . Critical Strikes 66 | . 1 . 1 2 . 1 5 1 4 . 1 19 5 . . 5 1 1 1 . 6 . . . . . 1 . 2 1 4 4 . . Meltdown 5 | . . . . . . . . . . . . . . . . . . . . . . . . . . . 1 . 2 1 1 . . . Destroy 60 | . 1 . 1 2 . 1 5 1 4 . 1 19 5 . . 5 1 1 1 . 5 . . . . . . . . . 3 4 . . Corrupt 1 | . . . . . . . . . . . . . . . . . . . . . 1 . . . . . . . . . . . . . Melee Attacks . | . . . . . . . . . . . . . . . . . . . . . . . . . . . . . . . . . . . Impact . | . . . . . . . . . . . . . . . . . . . . . . . . . . . . . . . . . . . Slashing . | . . . . . . . . . . . . . . . . . . . . . . . . . . . . . . . . . . . Piercing . | . . . . . . . . . . . . . . . . . . . . . . . . . . . . . . . . . . . Sneak Attacks . | . . . . . . . . . . . . . . . . . . . . . . . . . . . . . . . . . . . Combat Hostiles . | . . . . . . . . . . . . . . . . . . . . . . . . . . . . . . . . . . . Follow-up Attacks . | . . . . . . . . . . . . . . . . . . . . . . . . . . . . . . . . . . . Damage Inflicted 100616 | 24 524 241 2256 1283 . 544 3438 2572 7193 1355 4013 10503 1107 288 . 1166 3272 428 508 . 2921 1401 . 1488 871 3427 843 516 9925 7592 6353 12062 5400 7102 Guns 42759 | 24 524 241 2256 1283 . 544 3438 2558 6859 1355 4013 10406 1107 288 . 1166 3083 428 508 . 2678 . . . . . . . . . . . . . Cannons 55893 | . . . . . . . . . . . . . . . . . . . . . 243 1401 . 1488 871 3427 843 516 9328 7570 6353 12062 5367 6424 Explosions 1928 | . . . . . . . . . 334 . . 97 . . . . 189 . . . . . . . . . . . 597 . . . 33 678 Melee . | . . . . . . . . . . . . . . . . . . . . . . . . . . . . . . . . . . . Ramming 36 | . . . . . . . . 14 . . . . . . . . . . . . . . . . . . . . . 22 . . . . Kinetic 42229 | . 328 241 2256 1283 . 544 3438 2558 6859 1355 4013 10406 1107 288 . 1166 3083 428 508 . 2368 . . . . . . . . . . . . . Thermal 56515 | 24 77 . . . . . . . 24 . . 97 . . . . 101 . . . 310 1188 . 1488 871 3427 843 516 9328 7570 6353 12062 5400 6836 Explosive 542 | . . . . . . . . . 188 . . . . . . . 88 . . . . . . . . . . . . . . . . 266 Electromagnetic 1294 | . 119 . . . . . . . 122 . . . . . . . . . . . 243 213 . . . . . . 597 . . . . . Impact . | . . . . . . . . . . . . . . . . . . . . . . . . . . . . . . . . . . . Slashing . | . . . . . . . . . . . . . . . . . . . . . . . . . . . . . . . . . . . Piercing . | . . . . . . . . . . . . . . . . . . . . . . . . . . . . . . . . . . . Highest Corruption 12 | . . . . . . . . 1 1 1 . . . . . . . . . . . . . . . . . . 12 1 1 1 10 9 Average Corruption 3 | . . . . . . . . 1 1 1 . . . . . . . . . . . . . . . . . . 7 1 1 1 4 6 Corruption Purged 11 | . . . . . . . . . . 1 . . . . . . . . . . . . . . . . . . . . . . 4 6 Corruption Blocked . | . . . . . . . . . . . . . . . . . . . . . . . . . . . . . . . . . . . Effects 106 | . . . . . . . . . 2 . . . . . . . . . . . . . . . . . . . 24 12 6 1 30 31 Message Errors 28 | . . . . . . . . . . . . . . . . . . . . . . . . . . . . . 5 6 2 1 9 5 Matter Fused 18 | . . . . . . . . . 1 . . . . . . . . . . . . . . . . . . . 4 1 . . 4 8 Heat Flow Errors 11 | . . . . . . . . . . . . . . . . . . . . . . . . . . . . . 1 1 1 . 4 4 Energy Discharges 14 | . . . . . . . . . . . . . . . . . . . . . . . . . . . . . 3 2 2 . 2 5 Parts Rejected 5 | . . . . . . . . . . . . . . . . . . . . . . . . . . . . . 1 . . . 2 2 Parts Fused 1 | . . . . . . . . . . . . . . . . . . . . . . . . . . . . . . . . . 1 . Data Loss (minor) 11 | . . . . . . . . . 1 . . . . . . . . . . . . . . . . . . . 3 . . . 3 4 Data Loss (major) 2 | . . . . . . . . . . . . . . . . . . . . . . . . . . . . . . . 1 . 1 . Misfires 3 | . . . . . . . . . . . . . . . . . . . . . . . . . . . . . 2 . . . 1 . Alerts 4 | . . . . . . . . . . . . . . . . . . . . . . . . . . . . . 1 2 . . . 1 Weapon Failures 9 | . . . . . . . . . . . . . . . . . . . . . . . . . . . . . 4 . . . 3 2 Overload Shots 3 | . . . . . . . . . . . . . . . . . . . . 3 . . . . . . . . . . . . . . Overflow Damage 2714 | . . . . . . . . . . . . . . . . . . . . . 15 107 . 36 25 29 1 22 288 225 413 829 333 391 Projectiles 2617 | . . . . . . . . . . . . . . . . . . . . . 15 107 . 36 25 29 1 22 288 225 413 829 333 294 Explosions 97 | . . . . . . . . . . . . . . . . . . . . . . . . . . . . . . . . . . 97 Melee . | . . . . . . . . . . . . . . . . . . . . . . . . . . . . . . . . . . . Knockbacks 1 | . . . . . . . . . . . . . . . . . . . . . . . . . . . . . . 1 . . . . Impact 1 | . . . . . . . . . . . . . . . . . . . . . . . . . . . . . . 1 . . . . Kinetic . | . . . . . . . . . . . . . . . . . . . . . . . . . . . . . . . . . . . Secondary . | . . . . . . . . . . . . . . . . . . . . . . . . . . . . . . . . . . . Self-Inflicted Damage 242 | . . . . . . . . 7 12 . . . . . . . 39 . . . . . . . . . . . 76 . . 31 . 77 Shots 8 | . . . . . . . . . 1 . . . . . . . 1 . . . . . . . . . . . 4 . . 1 . 1 Rammed 1 | . . . . . . . . 1 . . . . . . . . . . . . . . . . . . . . . . . . . . Targets Rammed 3 | . . . . . . . . 1 . . . . . . . . . . . . . . . . . . . . . 2 . . . . Kicked 2 | . . . . . . . . . . . . . . . . . . . . . . . . . . . . . . 2 . . . . Crushed . | . . . . . . . . . . . . . . . . . . . . . . . . . . . . . . . . . . . Highest Temperature 356 | 18 147 130 355 . . . 272 236 356 65 262 306 228 109 . 283 108 72 108 64 262 247 . . . 1 . . 104 79 9 63 174 157 Average Temperature 77 | 12 50 70 141 . . . 61 52 93 25 59 82 90 60 . 96 46 40 50 35 74 106 . . . 1 . . 30 27 9 34 64 79 Received Heat Transfer 3990 | . 81 249 303 48 . 9 234 207 342 18 207 195 9 9 . 18 60 18 . . 249 48 . 207 . 116 14 . 400 207 148 207 189 198 Effects 13 | . . . 3 . . . . 1 3 . . 4 2 . . . . . . . . . . . . . . . . . . . . . Shutdowns 1 | . . . 1 . . . . . . . . . . . . . . . . . . . . . . . . . . . . . . . Energy Bleed 6 | . . . . . . . . 1 1 . . 4 . . . . . . . . . . . . . . . . . . . . . . Interference 4 | . . . . . . . . . 2 . . . 2 . . . . . . . . . . . . . . . . . . . . . Matter Decay 1 | . . . 1 . . . . . . . . . . . . . . . . . . . . . . . . . . . . . . . Damage (minor) 1 | . . . 1 . . . . . . . . . . . . . . . . . . . . . . . . . . . . . . . Siege Activations . | . . . . . . . . . . . . . . . . . . . . . . . . . . . . . . . . . . . Robots Corrupted 3 | . . . . . . . . . . . . . . . . . . . . . 2 . . . . . . . 1 . . . . . Combat Hostiles 3 | . . . . . . . . . . . . . . . . . . . . . 2 . . . . . . . 1 . . . . . Parts Fried 12 | . . . . . . . . . . . . . . . . . . . . . . . . . . . 1 . 11 . . . . . Impact Corruptions . | . . . . . . . . . . . . . . . . . . . . . . . . . . . . . . . . . . . Robots Melted 7 | . . . . . . . . . . . . . . . . . . . . . . . . . . 2 1 . 2 1 1 . . . Combat Hostiles 7 | . . . . . . . . . . . . . . . . . . . . . . . . . . 2 1 . 2 1 1 . . . Parts Melted 69 | . . . . . . . . . . . . . . . . . . . . . . . . 1 1 10 5 1 21 13 8 4 1 4 Heat Transferred 34129 | 50 175 . . . . . . . . . . 50 . . . . 50 . . . 407 725 . 1325 775 2633 586 324 6781 5816 3302 4899 2886 3345 Parts Sabotaged 10 | . . . . . . . . . . . 10 . . . . . . . . . . . . . . . . . . . . . . . Parts Stolen . | . . . . . . . . . . . . . . . . . . . . . . . . . . . . . . . . . . . Parts Stripped . | . . . . . . . . . . . . . . . . . . . . . . . . . . . . . . . . . . . Power Chain Reactions 3 | . . . . . . . . . 2 . . . . . . . . . . . . . . . . . . . 1 . . . . . Missiles Intercepted . | . . . . . . . . . . . . . . . . . . . . . . . . . . . . . . . . . . . Alert | -11 -10 -10 -9 -9 -9 -8 -8 -8 -8 -7 -7 -7 -7 -7 -7 -6 -6 -6 -6 -6 -6 -5 -5 -5 -4 -4 -4 -4 -4 -3 -3 -2 -2 -2 ------- Run | Jun Mat Min Mat Min Exi Min Mat Gar Mat Fac Gar Fac Low Low Dat Pro Fac Low Low Zio Dee Pro Fac DSF Fac Ext Cet Arc Hub Res Qua Res Tes Sec Peak Influence 2922 | 5 247 90 663 401 . 245 864 1496 2244 1557 2158 2922 . . . . 991 . . . . . 33 269 346 648 729 367 2219 1501 962 1374 713 775 Initial 1100 | . 2 15 . 152 . . 19 450 628 1100 921 981 . . . . 157 . . . . . 33 19 122 145 315 245 107 1009 637 282 672 58 Average 769 | 2 108 47 315 264 . 133 465 1091 1525 1319 1558 1881 . . . . 592 . . . . . 33 185 256 352 468 344 1188 1286 638 912 403 308 Maximum Alert Level 5 | . 1 . 2 2 . 1 3 4 5 4 5 5 . . . . 3 . . . . . . 1 1 2 3 1 5 4 3 4 3 3 Low Security (%) 18 | 100 85 100 11 8 . 67 20 . . . . . . . . . 20 . . . . . 100 47 27 16 . . 5 . . . 8 51 Level 1 19 | . 14 . 58 79 . 32 25 . . . . . . . . . 11 . . . . . . 52 72 47 15 100 6 . 4 12 47 7 Level 2 17 | . . . 29 11 . . 20 12 3 . . . . . . . 20 . . . . . . . . 35 76 . 2 . 65 8 41 34 Level 3 13 | . . . . . . . 32 39 11 . 9 6 . . . . 48 . . . . . . . . . 7 . 31 14 30 51 2 6 Level 4 23 | . . . . . . . . 48 33 100 45 35 . . . . . . . . . . . . . . . . 34 85 . 28 . . Level 5 4 | . . . . . . . . . 21 . 45 16 . . . . . . . . . . . . . . . . 19 . . . . . High Security 3 | . . . . . . . . . 30 . . 41 . . . . . . . . . . . . . . . . . . . . . . Max Security . | . . . . . . . . . . . . . . . . . . . . . . . . . . . . . . . . . . . Sterilizations 2 | . . . . . . . . . 1 . . . . . . . . . . . . . . 1 . . . . . . . . . . Squads Dispatched 84 | . . . 1 . . . 2 . 11 7 . 22 . . . . 3 . . . . . . 1 . 2 . . 14 2 5 8 1 5 Investigation 13 | . . . 1 . . . 1 . 4 4 . . . . . . 1 . . . . . . . . 2 . . . . . . . . Extermination 12 | . . . . . . . . . . 1 . 2 . . . . . . . . . . . . . . . . 3 . 1 2 1 2 Reinforcement 22 | . . . . . . . 1 . 2 . . 1 . . . . . . . . . . . 1 . . . . 9 1 2 2 . 3 Assault 30 | . . . . . . . . . 5 2 . 15 . . . . . . . . . . . . . . . . 2 1 2 3 . . Garrison 7 | . . . . . . . . . . . . 4 . . . . 2 . . . . . . . . . . . . . . 1 . . Intercept . | . . . . . . . . . . . . . . . . . . . . . . . . . . . . . . . . . . . Searches Triggered . | . . . . . . . . . . . . . . . . . . . . . . . . . . . . . . . . . . . Data Miner Redirects 5 | . . . . . . . . . . . . . . . . . . . . . . . . . . . . . 1 1 1 2 . . Construction Impeded 3 | . . . . . . . . . . . . . . . . . . . . . . . . . . . . . 3 . . . . . Haulers Reinforced 2 | . . . . . . . . . . . . . . . . . . . . . . . . . . . . . 1 1 . . . . Active Scanning Responses . | . . . . . . . . . . . . . . . . . . . . . . . . . . . . . . . . . . . Cargo Convoy Interrupts 1 | . . . . . . . . . . . . 1 . . . . . . . . . . . . . . . . . . . . . . Stealth | -11 -10 -10 -9 -9 -9 -8 -8 -8 -8 -7 -7 -7 -7 -7 -7 -6 -6 -6 -6 -6 -6 -5 -5 -5 -4 -4 -4 -4 -4 -3 -3 -2 -2 -2 --------- Run | Jun Mat Min Mat Min Exi Min Mat Gar Mat Fac Gar Fac Low Low Dat Pro Fac Low Low Zio Dee Pro Fac DSF Fac Ext Cet Arc Hub Res Qua Res Tes Sec Distress Signals 28 | . 1 . 1 . . . 1 . 2 . . 2 . . . . . . . . . 1 . . . 4 2 . 3 8 1 1 . 1 Communications Jammed . | . . . . . . . . . . . . . . . . . . . . . . . . . . . . . . . . . . . Distress Signals . | . . . . . . . . . . . . . . . . . . . . . . . . . . . . . . . . . . . Times Spotted 720 | . 10 2 32 24 . 10 33 19 71 17 34 99 8 3 . 10 23 4 3 . 18 6 . 11 8 27 17 3 55 34 37 55 13 34 Peak Tracking Total 15 | . 3 2 6 4 . 3 6 3 15 4 5 11 5 2 . 7 7 4 3 . 4 4 . 6 5 5 8 2 7 4 6 6 3 8 Tactical Retreats 10 | . . . . 1 . . . . . . . . . . . . . . . . . . . 1 . . . . 2 . 2 4 . . Traps | -11 -10 -10 -9 -9 -9 -8 -8 -8 -8 -7 -7 -7 -7 -7 -7 -6 -6 -6 -6 -6 -6 -5 -5 -5 -4 -4 -4 -4 -4 -3 -3 -2 -2 -2 ------- Run | Jun Mat Min Mat Min Exi Min Mat Gar Mat Fac Gar Fac Low Low Dat Pro Fac Low Low Zio Dee Pro Fac DSF Fac Ext Cet Arc Hub Res Qua Res Tes Sec Traps Triggered 34 | . 1 . 1 . . . . 8 2 1 5 5 . . . . . . . . . . . 3 1 1 . . 2 2 2 . . . Indirectly . | . . . . . . . . . . . . . . . . . . . . . . . . . . . . . . . . . . . Trap Hack Attempts . | . . . . . . . . . . . . . . . . . . . . . . . . . . . . . . . . . . . Triggered . | . . . . . . . . . . . . . . . . . . . . . . . . . . . . . . . . . . . Disarmed . | . . . . . . . . . . . . . . . . . . . . . . . . . . . . . . . . . . . Reprogrammed . | . . . . . . . . . . . . . . . . . . . . . . . . . . . . . . . . . . . Reused . | . . . . . . . . . . . . . . . . . . . . . . . . . . . . . . . . . . . Traps Extracted . | . . . . . . . . . . . . . . . . . . . . . . . . . . . . . . . . . . . Installed . | . . . . . . . . . . . . . . . . . . . . . . . . . . . . . . . . . . . Triggered 3 | . . . . . . . . . . . . . . . . 3 . . . . . . . . . . . . . . . . . . Machines | -11 -10 -10 -9 -9 -9 -8 -8 -8 -8 -7 -7 -7 -7 -7 -7 -6 -6 -6 -6 -6 -6 -5 -5 -5 -4 -4 -4 -4 -4 -3 -3 -2 -2 -2 ---------- Run | Jun Mat Min Mat Min Exi Min Mat Gar Mat Fac Gar Fac Low Low Dat Pro Fac Low Low Zio Dee Pro Fac DSF Fac Ext Cet Arc Hub Res Qua Res Tes Sec Machines Disabled 105 | . . . . 1 . 1 2 8 9 3 7 6 . . . 4 8 . . 3 2 . . 1 2 1 2 . 20 5 8 3 4 5 Max in Single Turn 7 | . . . . 1 . 1 1 1 4 1 1 2 . . . 1 5 . . 1 1 . . 1 2 1 2 . 7 1 2 1 1 1 Garrison Access 5 | . . . . . . . . . . . . . . . . . . . . . . . . . . . . . . 1 1 2 1 . Garrison Relay 6 | . . . . . . . . 3 . . 3 . . . . . . . . . . . . . . . . . . . . . . . Network Hub 4 | . . . . . . . . . . . . . . . . . . . . . . . . . . . . . 4 . . . . . Machines Repaired . | . . . . . . . . . . . . . . . . . . . . . . . . . . . . . . . . . . . Machines Sabotaged . | . . . . . . . . . . . . . . . . . . . . . . . . . . . . . . . . . . . Overloaded Fab Kills . | . . . . . . . . . . . . . . . . . . . . . . . . . . . . . . . . . . . Hacking | -11 -10 -10 -9 -9 -9 -8 -8 -8 -8 -7 -7 -7 -7 -7 -7 -6 -6 -6 -6 -6 -6 -5 -5 -5 -4 -4 -4 -4 -4 -3 -3 -2 -2 -2 --------- Run | Jun Mat Min Mat Min Exi Min Mat Gar Mat Fac Gar Fac Low Low Dat Pro Fac Low Low Zio Dee Pro Fac DSF Fac Ext Cet Arc Hub Res Qua Res Tes Sec Machines Accessed 98 | . 5 . 5 . 1 . 6 4 6 14 1 9 1 . 2 2 4 . 1 . . . 2 . 2 4 1 . 3 . 11 3 8 3 Terminals 84 | . 5 . 5 . . . 5 4 6 10 1 9 . . . 1 4 . . . . . 2 . 2 4 1 . 3 . 10 2 7 3 Fabricators 3 | . . . . . . . . . . 3 . . . . . . . . . . . . . . . . . . . . . . . . Repair Stations . | . . . . . . . . . . . . . . . . . . . . . . . . . . . . . . . . . . . Recycling Units . | . . . . . . . . . . . . . . . . . . . . . . . . . . . . . . . . . . . Scanalyzers . | . . . . . . . . . . . . . . . . . . . . . . . . . . . . . . . . . . . Garrison Access 5 | . . . . . . . 1 . . 1 . . . . . . . . . . . . . . . . . . . . 1 1 1 . Total Hacks 302 | . 15 . 12 . 18 . 16 8 18 37 4 24 1 . 10 2 11 . 1 . . . 4 . 5 16 5 . 8 . 43 8 30 6 Successful 150 | . 10 . 4 . 18 . 10 2 10 18 . 13 1 . 10 2 5 . 1 . . . 1 . 3 6 . . 5 . 13 4 11 3 Failed 152 | . 5 . 8 . . . 6 6 8 19 4 11 . . . . 6 . . . . . 3 . 2 10 5 . 3 . 30 4 19 3 Catastrophic 21 | . 1 . 1 . . . . 2 2 5 . . . . . . . . . . . . . . . 1 . . . . 4 . 4 1 Database Lockouts . | . . . . . . . . . . . . . . . . . . . . . . . . . . . . . . . . . . . Manual 206 | . 8 . 10 . . . 12 . 14 24 . 22 . . . . 11 . . . . . 3 . 5 14 1 . 8 . 39 6 24 5 Terminals 255 | . 15 . 12 . . . 15 8 18 26 4 24 . . . 1 11 . . . . . 4 . 5 16 5 . 8 . 41 7 29 6 Fabricators 10 | . . . . . . . . . . 10 . . . . . . . . . . . . . . . . . . . . . . . . Repair Stations . | . . . . . . . . . . . . . . . . . . . . . . . . . . . . . . . . . . . Recycling Units . | . . . . . . . . . . . . . . . . . . . . . . . . . . . . . . . . . . . Scanalyzers . | . . . . . . . . . . . . . . . . . . . . . . . . . . . . . . . . . . . Garrison Access 6 | . . . . . . . 1 . . 1 . . . . . . . . . . . . . . . . . . . . 2 1 1 . Terminal Hacks 79 | . 5 . 1 . 18 . 5 2 3 6 . 5 1 . 10 2 1 . 1 . . . 1 . 1 2 . . 2 . 7 2 3 1 Record 28 | . . . . . 18 . . . . . . . . . 6 2 . . . . . . . . . 1 . . . . 1 . . . Part Schematic 2 | . . . . . . . . . . 1 . 1 . . . . . . . . . . . . . . . . . . . . . . Robot Schematic 4 | . . . . . . . . . . . . . . . 4 . . . . . . . . . . . . . . . . . . . Robot Analysis 1 | . . . . . . . 1 . . . . . . . . . . . . . . . . . . . . . . . . . . . Open Door 5 | . . . . . . . . 1 . . . . 1 . . . . . 1 . . . . . . . . . . . 1 . . 1 Open DSF 2 | . . . . . . . . . . 1 . . . . . . . . . . . . 1 . . . . . . . . . . . Branch Access Points 9 | . 1 . . . . . 2 . 1 1 . 1 . . . . 1 . . . . . . . 1 . . . . . . 1 . . Emergency Access Points 1 | . . . . . . . . 1 . . . . . . . . . . . . . . . . . . . . . . . . . . Terminal Index 2 | . . . . . . . . . . 1 . 1 . . . . . . . . . . . . . . . . . . . . . . Fabricator Index 1 | . . . . . . . . . . 1 . . . . . . . . . . . . . . . . . . . . . . . . Garrison Index 3 | . . . . . . . 1 . 1 1 . . . . . . . . . . . . . . . . . . . . . . . . Alert Level 3 | . . . . . . . 1 . 1 . . . . . . . . . . . . . . . . . . . . . 1 . . . Unreport Threat 10 | . . . . . . . . . . . . . . . . . . . . . . . . . . 1 . . 2 . 3 1 3 . Dispatch Records 1 | . 1 . . . . . . . . . . . . . . . . . . . . . . . . . . . . . . . . . Patrol Status 1 | . . . . . . . . . . . . 1 . . . . . . . . . . . . . . . . . . . . . . Transport Status 1 | . . . . . . . . . . . . 1 . . . . . . . . . . . . . . . . . . . . . . Registered Components 1 | . 1 . . . . . . . . . . . . . . . . . . . . . . . . . . . . . . . . . Registered Prototypes 1 | . 1 . . . . . . . . . . . . . . . . . . . . . . . . . . . . . . . . . Zone Layout 3 | . 1 . 1 . . . . . . . . . . . . . . . . . . . . . . . . . . . 1 . . . Fabricator Hacks 4 | . . . . . . . . . . 4 . . . . . . . . . . . . . . . . . . . . . . . . Load Schematic 3 | . . . . . . . . . . 3 . . . . . . . . . . . . . . . . . . . . . . . . Build 1 | . . . . . . . . . . 1 . . . . . . . . . . . . . . . . . . . . . . . . Repair Station Hacks . | . . . . . . . . . . . . . . . . . . . . . . . . . . . . . . . . . . . Recycling Unit Hacks . | . . . . . . . . . . . . . . . . . . . . . . . . . . . . . . . . . . . Scanalyzer . | . . . . . . . . . . . . . . . . . . . . . . . . . . . . . . . . . . . Garrison Access Hacks 5 | . . . . . . . 1 . . 1 . . . . . . . . . . . . . . . . . . . . 1 1 1 . Unlock Access 2 | . . . . . . . 1 . . 1 . . . . . . . . . . . . . . . . . . . . . . . . Seal Access 3 | . . . . . . . . . . . . . . . . . . . . . . . . . . . . . . . 1 1 1 . Unauthorized Hacks 62 | . 5 . 3 . . . 4 . 7 7 . 8 . . . . 4 . . . . . . . 2 4 . . 3 . 5 1 7 2 Terminals 62 | . 5 . 3 . . . 4 . 7 7 . 8 . . . . 4 . . . . . . . 2 4 . . 3 . 5 1 7 2 Botnet 61 | . 5 . 3 . . . 4 . 6 7 . 8 . . . . 4 . . . . . . . 2 4 . . 3 . 5 1 7 2 Detonate 1 | . . . . . . . . . 1 . . . . . . . . . . . . . . . . . . . . . . . . . Fabricators . | . . . . . . . . . . . . . . . . . . . . . . . . . . . . . . . . . . . Repair Stations . | . . . . . . . . . . . . . . . . . . . . . . . . . . . . . . . . . . . Recycling Units . | . . . . . . . . . . . . . . . . . . . . . . . . . . . . . . . . . . . Scanalyzers . | . . . . . . . . . . . . . . . . . . . . . . . . . . . . . . . . . . . Garrison Access . | . . . . . . . . . . . . . . . . . . . . . . . . . . . . . . . . . . . Data Cores Recovered 9 | . . . . . . . 1 . 1 1 . 3 . . . . 1 . . . . . . . . . . . 1 . . . 1 . Used 5 | . . . . . . . . . . 1 . 3 . . . . 1 . . . . . . . . . . . . . . . . . Hacking Detections 73 | . 2 . 5 . . . 5 4 6 10 1 7 . . . . 4 . . . . . 1 . 1 4 2 . 3 . 9 2 5 2 Full Trace Events 12 | . . . 1 . . . 1 2 2 4 1 . . . . . . . . . . . . . . 1 . . . . . . . . Feedback Events 1 | . . . . . . . . . . 1 . . . . . . . . . . . . . . . . . . . . . . . . Corruption 1 | . . . . . . . . . . 1 . . . . . . . . . . . . . . . . . . . . . . . . Feedback Blocked . | . . . . . . . . . . . . . . . . . . . . . . . . . . . . . . . . . . . Robot Schematics Acquired 5 | . . . . . . . . . . . . . . . 4 . . . . . . . . . . . . . . . 1 . . . Robots Built . | . . . . . . . . . . . . . . . . . . . . . . . . . . . . . . . . . . . Authchips . | . . . . . . . . . . . . . . . . . . . . . . . . . . . . . . . . . . . Time . | . . . . . . . . . . . . . . . . . . . . . . . . . . . . . . . . . . . Total Robot Build Rating . | . . . . . . . . . . . . . . . . . . . . . . . . . . . . . . . . . . . Part Schematics Acquired 5 | . . . . . . . . . . 1 . 1 . . . . . . . . . . . . . . . . . . 3 . . . Parts Built 1 | . . . . . . . . . . 1 . . . . . . . . . . . . . . . . . . . . . . . . Authchips . | . . . . . . . . . . . . . . . . . . . . . . . . . . . . . . . . . . . Time 42 | . . . . . . . . . . 42 . . . . . . . . . . . . . . . . . . . . . . . . Total Part Build Rating 4 | . . . . . . . . . . 4 . . . . . . . . . . . . . . . . . . . . . . . . Parts Repaired . | . . . . . . . . . . . . . . . . . . . . . . . . . . . . . . . . . . . Time . | . . . . . . . . . . . . . . . . . . . . . . . . . . . . . . . . . . . Parts Recycled . | . . . . . . . . . . . . . . . . . . . . . . . . . . . . . . . . . . . Recycled Matter . | . . . . . . . . . . . . . . . . . . . . . . . . . . . . . . . . . . . Retrieved Matter . | . . . . . . . . . . . . . . . . . . . . . . . . . . . . . . . . . . . Retrieved Components . | . . . . . . . . . . . . . . . . . . . . . . . . . . . . . . . . . . . Parts Scanalyzed . | . . . . . . . . . . . . . . . . . . . . . . . . . . . . . . . . . . . Part Schematics Acquired . | . . . . . . . . . . . . . . . . . . . . . . . . . . . . . . . . . . . Parts Damaged . | . . . . . . . . . . . . . . . . . . . . . . . . . . . . . . . . . . . Bothacking | -11 -10 -10 -9 -9 -9 -8 -8 -8 -8 -7 -7 -7 -7 -7 -7 -6 -6 -6 -6 -6 -6 -5 -5 -5 -4 -4 -4 -4 -4 -3 -3 -2 -2 -2 ------------ Run | Jun Mat Min Mat Min Exi Min Mat Gar Mat Fac Gar Fac Low Low Dat Pro Fac Low Low Zio Dee Pro Fac DSF Fac Ext Cet Arc Hub Res Qua Res Tes Sec Used RIF Installer . | . . . . . . . . . . . . . . . . . . . . . . . . . . . . . . . . . . . Robots Hacked . | . . . . . . . . . . . . . . . . . . . . . . . . . . . . . . . . . . . Non-combat . | . . . . . . . . . . . . . . . . . . . . . . . . . . . . . . . . . . . Combat . | . . . . . . . . . . . . . . . . . . . . . . . . . . . . . . . . . . . Robot Hacks Applied . | . . . . . . . . . . . . . . . . . . . . . . . . . . . . . . . . . . . Relay Couplers Released 13 | . . . . . . . . 5 . . 6 . . . . . . . . . . . . . . . . . . 2 . . . . Machine Destruction 13 | . . . . . . . . 5 . . 6 . . . . . . . . . . . . . . . . . . 2 . . . . Fabnet Peak Effective % . | . . . . . . . . . . . . . . . . . . . . . . . . . . . . . . . . . . . Robots Rewired 9 | . . . . . . . . . . . . . . . . . . . . . . . . . . 7 . . . . . . 2 . Allies Hacked 2 | . . . . . . . . . . . . 2 . . . . . . . . . . . . . . . . . . . . . . Hacks Repelled . | . . . . . . . . . . . . . . . . . . . . . . . . . . . . . . . . . . . Allies | -11 -10 -10 -9 -9 -9 -8 -8 -8 -8 -7 -7 -7 -7 -7 -7 -6 -6 -6 -6 -6 -6 -5 -5 -5 -4 -4 -4 -4 -4 -3 -3 -2 -2 -2 -------- Run | Jun Mat Min Mat Min Exi Min Mat Gar Mat Fac Gar Fac Low Low Dat Pro Fac Low Low Zio Dee Pro Fac DSF Fac Ext Cet Arc Hub Res Qua Res Tes Sec Total Allies 39 | . . . . 3 . . . . . . . 3 . . . 1 . . . 5 . . . . . 20 5 . . . . . 2 . Largest Group 17 | . . . . 3 2 2 . . . . . 3 . . . 1 1 . . 5 . . . . . 16 17 12 11 . . . 2 . Highest-Rated Group 1048 | . . . . 55 24 24 . . . . . 93 . . . 96 96 . . 132 . . . . . 794 1048 869 705 . . . 158 . Highest-Rated Ally 159 | . . . . 31 16 16 . . . . . 31 . . . 96 96 . . 31 . . . . . 159 159 159 96 . . . 79 . Warlord Squad Rendezvous 3 | . . . . . . . . . . . . . . . . . 3 . . . . . . . . . . . . . . . . . Dakka 1 | . . . . . . . . . . . . . . . . . 1 . . . . . . . . . . . . . . . . . Geek 1 | . . . . . . . . . . . . . . . . . 1 . . . . . . . . . . . . . . . . . Chimera 1 | . . . . . . . . . . . . . . . . . 1 . . . . . . . . . . . . . . . . . Total Orders . | . . . . . . . . . . . . . . . . . . . . . . . . . . . . . . . . . . . Ally Attacks 386 | . . . . 12 . 14 . . . . . 22 . . . 1 11 . . . . . . . . 77 77 13 104 . . . 55 . Total Damage 15150 | . . . . 120 . 107 . . . . . 358 . . . . 576 . . . . . . . . 2034 2727 505 5305 . . . 3418 . Kills 61 | . . . . 2 . 2 . . . . . 3 . . . . . . . . . . . . . 12 14 3 24 . . . 1 . Allies Corrupted . | . . . . . . . . . . . . . . . . . . . . . . . . . . . . . . . . . . . Allies Melted . | . . . . . . . . . . . . . . . . . . . . . . . . . . . . . . . . . . . Intel | -11 -10 -10 -9 -9 -9 -8 -8 -8 -8 -7 -7 -7 -7 -7 -7 -6 -6 -6 -6 -6 -6 -5 -5 -5 -4 -4 -4 -4 -4 -3 -3 -2 -2 -2 ------- Run | Jun Mat Min Mat Min Exi Min Mat Gar Mat Fac Gar Fac Low Low Dat Pro Fac Low Low Zio Dee Pro Fac DSF Fac Ext Cet Arc Hub Res Qua Res Tes Sec Robot Analysis Total 1 | . . . . . . . 1 . . . . . . . . . . . . . . . . . . . . . . . . . . . Derelict Logs Recovered 10 | . . 1 . . . . . . . . . . 2 1 . 2 . 1 . 2 . 1 . . . . . . . . . . . . Drone Launches . | . . . . . . . . . . . . . . . . . . . . . . . . . . . . . . . . . . . Drone Recoveries . | . . . . . . . . . . . . . . . . . . . . . . . . . . . . . . . . . . . Exploration | -11 -10 -10 -9 -9 -9 -8 -8 -8 -8 -7 -7 -7 -7 -7 -7 -6 -6 -6 -6 -6 -6 -5 -5 -5 -4 -4 -4 -4 -4 -3 -3 -2 -2 -2 ------------- Run | Jun Mat Min Mat Min Exi Min Mat Gar Mat Fac Gar Fac Low Low Dat Pro Fac Low Low Zio Dee Pro Fac DSF Fac Ext Cet Arc Hub Res Qua Res Tes Sec Turns Passed 20167 | 63 506 686 856 637 154 779 514 412 663 502 499 1038 301 71 20 214 233 41 95 217 567 1082 60 292 304 756 282 110 1138 2288 1476 977 1268 1066 Spaces Moved 19140 | 48 320 523 500 428 125 583 628 763 1058 1369 772 1586 947 224 76 567 615 121 291 779 1071 309 40 154 199 398 164 70 549 1455 918 453 717 320 Core 43 | 12 . . . . . . . . . . . . . . . . . . . . . 31 . . . . . . . . . . . . Treads . | . . . . . . . . . . . . . . . . . . . . . . . . . . . . . . . . . . . Legs 8263 | 36 320 523 500 428 125 583 80 . . . . . . . . . . . . . . 231 40 154 199 398 164 70 549 1455 918 453 717 320 Wheels . | . . . . . . . . . . . . . . . . . . . . . . . . . . . . . . . . . . . Hover 396 | . . . . . . . . . . . . . . . . . . . . . 349 47 . . . . . . . . . . . . Flight 10438 | . . . . . . . 548 763 1058 1369 772 1586 947 224 76 567 615 121 291 779 722 . . . . . . . . . . . . . Fastest Speed 26 | 50 120 120 120 120 120 120 26 26 26 26 26 26 26 26 26 26 26 26 26 26 26 48 150 135 135 135 135 135 135 135 135 135 135 135 Average Speed 72 | 102 120 120 120 120 120 120 38 26 26 26 26 26 26 26 26 26 26 26 26 26 34 128 150 142 135 135 135 135 135 135 135 135 135 144 Slowest Speed 186 | 120 120 120 120 120 120 120 120 26 26 26 32 26 26 26 26 26 26 26 26 26 130 180 150 180 135 135 135 135 135 135 140 135 135 186 Overloaded Moves . | . . . . . . . . . . . . . . . . . . . . . . . . . . . . . . . . . . . Propulsion Burnouts . | . . . . . . . . . . . . . . . . . . . . . . . . . . . . . . . . . . . Robots Hopped 18 | . . . . . . . 5 . 3 7 . 1 . . . . 2 . . . . . . . . . . . . . . . . . Cave-ins Triggered . | . . . . . . . . . . . . . . . . . . . . . . . . . . . . . . . . . . . Exploration Rate (%) 58 | 4 73 97 66 86 48 93 73 87 77 39 59 45 91 37 70 75 22 29 47 84 91 43 1 81 8 70 66 70 70 60 81 19 80 21 Regions Visited 34 Branch Regions 20 Pre-discovered Areas 4 | . . . . . 1 . . . . . . . 1 . 1 . . . . 1 . . . . . . . . . . . . . . Known Exits Taken 11 | . 1 . . . . 1 1 . . 1 . 1 . . . . 1 . . . . 1 1 . 1 . . . . . 1 1 . . Unknown Exits Taken 20 | 1 . 1 1 1 1 . . . 1 . . . 1 1 1 1 . 1 1 1 1 . . . . 1 1 1 1 1 . . 1 . Scrap Searched 17 | . . 3 . 1 . 1 . . . . . . 4 4 . 1 . 1 . 2 . . . . . . . . . . . . . . Spaces Dug 228 | . . . . . . . . . . . . . 8 . . . 2 . . . . . . . . . . . 173 16 6 . 19 4 Terrain Destroyed 1383 | . . . . . . . 5 . 26 33 . 83 26 3 . 37 61 13 2 . 23 7 . 3 5 26 . . 676 86 52 60 59 97 Melee . | . . . . . . . . . . . . . . . . . . . . . . . . . . . . . . . . . . . Projectile 549 | . . . . . . . 5 . 10 . . 23 26 3 . 37 27 13 2 . 23 7 . 3 5 26 . . 66 78 52 46 59 38 AOE 834 | . . . . . . . . . 16 33 . 60 . . . . 34 . . . . . . . . . . . 610 8 . 14 . 59 Terrain Rammed . | . . . . . . . . . . . . . . . . . . . . . . . . . . . . . . . . . . . Walls Destroyed . | . . . . . . . . . . . . . . . . . . . . . . . . . . . . . . . . . . . Machines Disabled . | . . . . . . . . . . . . . . . . . . . . . . . . . . . . . . . . . . . Actions | -11 -10 -10 -9 -9 -9 -8 -8 -8 -8 -7 -7 -7 -7 -7 -7 -6 -6 -6 -6 -6 -6 -5 -5 -5 -4 -4 -4 -4 -4 -3 -3 -2 -2 -2 --------- Run | Jun Mat Min Mat Min Exi Min Mat Gar Mat Fac Gar Fac Low Low Dat Pro Fac Low Low Zio Dee Pro Fac DSF Fac Ext Cet Arc Hub Res Qua Res Tes Sec Total 23249 | 56 372 552 622 484 129 629 767 876 1271 1466 973 2084 983 233 75 609 649 124 304 791 1233 968 40 193 214 559 207 80 761 1623 1037 633 865 787 Wait 1734 | . . 3 4 12 5 15 13 11 65 46 18 288 17 . . 18 2 . . 6 59 616 . . . 39 31 7 60 47 14 18 7 313 Move 19070 | 47 319 522 499 427 124 582 618 760 1051 1355 770 1583 946 223 75 566 610 120 290 778 1070 308 40 153 198 397 163 69 548 1454 917 452 716 320 Hop 18 | . . . . . . . 5 . 3 7 . 1 . . . . 2 . . . . . . . . . . . . . . . . . Pick Up 36 | . . . 4 . . 1 3 . 4 5 . . . . . . . . 1 . 4 1 . 3 1 . . . . 1 6 . . 2 Fast Attach 108 | 6 4 2 7 1 . . 9 . 2 7 17 10 1 1 . 1 . . . 1 12 . . 3 . 1 . . 5 . 5 . 9 4 Attach 12 | . . . . . . . 2 . . 1 . . . . . . . . . 1 3 3 . . 1 . . . . 1 . . . . Detach 5 | . . . . . . . . . . 1 . . . . . . . . . . . 2 . . . 1 . . . 1 . . . . Swap 12 | . . . 1 . . . 5 . 2 2 . . . . . . . . . . 1 . . . . . . . 1 . . . . . Drop 128 | 1 2 2 4 2 . . 11 . 6 10 7 10 1 . . 1 . . 1 2 19 1 . . 2 2 . . 7 5 9 . 8 15 Fire 1183 | 2 40 18 65 33 . 16 67 56 99 24 71 111 14 2 . 18 27 4 4 3 32 14 . 14 9 22 7 2 73 61 53 82 75 65 Melee . | . . . . . . . . . . . . . . . . . . . . . . . . . . . . . . . . . . . Ram 1 | . . . . . . . . 1 . . . . . . . . . . . . . . . . . . . . . . . . . . Kick 2 | . . . . . . . . . . . . . . . . . . . . . . . . . . . . . . 2 . . . . Crush . | . . . . . . . . . . . . . . . . . . . . . . . . . . . . . . . . . . . Escape Stasis 120 | . . . . . . . . 32 . . 40 42 . . . . . . . . . . . 6 . . . . . . . . . . Rewire 59 | . . . . . . . . . . . . . . . . . . . . . . . . . . 42 . . . . . . 17 . Trap . | . . . . . . . . . . . . . . . . . . . . . . . . . . . . . . . . . . . Miscellaneous 761 | . 7 5 38 9 . 15 34 16 39 8 50 39 4 7 . 5 8 . 8 . 33 23 . 14 3 55 6 2 67 51 33 81 33 68 Route ------- -11/Junkyard -10/Materials (discovered 3 exits: *Mat x2 / *Min) -10/Mines (discovered 2 exits: *Mat x2) -9/Materials (discovered 4 exits: *Mat x2 / [*Min x2]) -9/Mines (discovered 3 exits: *Mat x2 / *Exi) -9/Exiles -8/Mines -8/Materials (discovered 3 exits: *Fac x2 / Gar) -8/Garrison (discovered 3 exits: *Mat x3) -8/Materials (discovered 3 exits: *Fac x3) -7/Factory (discovered 6 exits: *Fac x2 / *Sto / *Low x2 / Gar) -7/Garrison (discovered 4 exits: *Fac x4) -7/Factory (discovered 6 exits: *Fac x3 / Sto / *Low x2) -7/Lower Caves -7/Lower Caves -7/Data Miner -6/Proximity Caves -6/Factory (discovered 4 exits: Fac x2 / *Low x2) -6/Lower Caves -6/Lower Caves -6/Zion (discovered 2 exits: [*Dee] / [*Pro]) -6/Deep Caves -5/Proximity Caves -5/Factory (discovered 2 exits: Upp / DSF) -5/DSF -4/Factory (discovered 5 exits: Upp x2 / *Ext x2 / Arm) -4/Extension (discovered 2 exits: [*Res] / *Cet) -4/Cetus (discovered 2 exits: [*Res] / [*Arc]) -4/Archives (discovered 2 exits: *Hub x2) -4/Hub_04(d) (discovered 4 exits: [*Res x4]) -3/Research (discovered 4 exits: *Res x3 / *Qua) -3/Quarantine -2/Research (discovered 4 exits: [*Acc x2] / *Tes x2) -2/Testing (discovered 2 exits: [*Acc] / *Sec) -2/Section 7 (discovered 1 exit: [*Acc]) History --------- Turn | Location | Event 8 | -11/Junkyard | Discovered new exit (range 16) 27 | -11/Junkyard | Upgraded with Propulsion slot (x1) 27 | -11/Junkyard | Upgraded with Utility slot (x1) 27 | -11/Junkyard | Upgraded with Weapon slot (x1) 64 | -11/Junkyard | Entered Materials 125 | -10/Materials | Identified exit to Mines 210 | -10/Materials | Discovered new exit (range 5) 307 | -10/Materials | Build established: Mutant 462 | -10/Materials | Discovered new exit (range 15) 570 | -10/Materials | Entered Mines 572 | -10/Mines | Reached level 2 657 | -10/Mines | Discovered new exit (range 10) 865 | -10/Mines | Learned 2 Materials zone layouts 985 | -10/Mines | Discovered new exit (range 9) 1021 | -10/Mines | A weapon hastily lodged in a ceiling crevice suddenly fell to the ground 1256 | -10/Mines | Entered Materials 1257 | -9/Materials | Identified exit to Materials 1258 | -9/Materials | Reached level 3 1285 | -9/Materials | Reached level 4 1313 | -9/Materials | Upgraded with Utility slot (x1) 1313 | -9/Materials | Upgraded with Weapon slot (x1) 1491 | -9/Materials | Discovered new exit (range 16) 1603 | -9/Materials | Reached level 5 1624 | -9/Materials | Destroyed 7 combat bots 1628 | -9/Materials | Build established: Gunner 1655 | -9/Materials | Upgraded with Propulsion slot (x1) 1891 | -9/Materials | Discovered exit to Materials (range 15) 1946 | -9/Materials | Discovered new exit (range 11) 2026 | -9/Materials | Reached level 6 2112 | -9/Materials | Entered Mines 2128 | -9/Mines | Met a Derelict bent on vengeance 2192 | -9/Mines | Assembled infested the area 2257 | -9/Mines | Destroyed 7 combat bots 2308 | -9/Mines | Assisted by bots powering up and referring to "LRC-V3" 2414 | -9/Mines | Reached level 7 2416 | -9/Mines | Build established: Scavenger-Gunner 2480 | -9/Mines | Discovered exit to Materials (range 6) 2483 | -9/Mines | Received a Mining Laser from a helpful Derelict 2680 | -9/Mines | Discovered exit to Materials (range 11) 2734 | -9/Mines | Deemed a non-threat by the Exiles lab entrance 2735 | -9/Mines | Discovered new exit (range 5) 2749 | -9/Mines | Entered Exiles 2749 | -9/Exiles | Accompanied by 2 allies 2751 | -9/Exiles | Reached level 8 2779 | -9/Exiles | Met 8R-AWN 2800 | -9/Exiles | Met EX-HEX 2847 | -9/Exiles | Met EX-DEC 2851 | -9/Exiles | Learned location of Zion (-6) 2889 | -9/Exiles | Discovered new exit (range 10) 2903 | -9/Exiles | Entered Mines 2903 | -8/Mines | Accompanied by 2 allies 3041 | -8/Mines | Reached level 9 3317 | -8/Mines | Discovered exit to Materials (range 5) 3682 | -8/Mines | Entered Materials 3684 | -8/Materials | Reached level 10 3780 | -8/Materials | Destroyed 7 combat bots 3824 | -8/Materials | Reached level 11 3874 | -8/Materials | Upgraded with Propulsion slot (x1) 3874 | -8/Materials | Upgraded with Utility slot (x1) 3874 | -8/Materials | Upgraded with Weapon slot (x2) 3978 | -8/Materials | Discovered new exit (range 9) 4049 | -8/Materials | Reached level 12 4164 | -8/Materials | Discovered new exit (range 16) 4196 | -8/Materials | Identified exit to Garrison 4196 | -8/Materials | Entered Garrison 4210 | -8/Garrison | Triggered checkpoint 4229 | -8/Garrison | Garrison Relay disabled 4230 | -8/Garrison | Build established: Sprinter 4254 | -8/Garrison | Triggered checkpoint 4282 | -8/Garrison | Triggered checkpoint 4288 | -8/Garrison | Reached level 13 4333 | -8/Garrison | Discovered new exit (range 10) 4404 | -8/Garrison | Triggered checkpoint 4434 | -8/Garrison | Triggered checkpoint 4476 | -8/Garrison | Garrison Relay disabled 4481 | -8/Garrison | Destroyed 13 combat bots 4481 | -8/Garrison | Triggered checkpoint 4488 | -8/Garrison | Discovered new exit (range 11) 4527 | -8/Garrison | Garrison Relay disabled 4532 | -8/Garrison | Triggered checkpoint 4541 | -8/Garrison | Discovered new exit (range 15) 4548 | -8/Garrison | Attempted to access garrison exit controls, blocked by remote lockdown 4582 | -8/Garrison | Attempted to access garrison exit controls, blocked by remote lockdown 4608 | -8/Garrison | Entered Materials 4642 | -8/Materials | Discovered new exit (range 13) 4655 | -8/Materials | Reached level 14 4671 | -8/Materials | Upgraded with Utility slot (x2) 4688 | -8/Materials | Destroyed 10 combat bots 4709 | -8/Materials | Discovered new exit (range 16) 4927 | -8/Materials | Destroyed 7 combat bots 4967 | -8/Materials | Discovered new exit (range 11) 4990 | -8/Materials | Destroyed 9 combat bots 5008 | -8/Materials | First assault squad dispatched 5067 | -8/Materials | High security lockdown imminent 5147 | -8/Materials | High security lockdown engaged 5208 | -8/Materials | Reached level 15 5234 | -8/Materials | Sterilization system engaged 5234 | -8/Materials | Non-combat units ordered to evacuate 5271 | -8/Materials | Entered Factory 5279 | -7/Factory | Destroyed 24 combat bots 5371 | -7/Factory | Discovered new exit (range 9) 5421 | -7/Factory | Discovered new exit (range 16) 5508 | -7/Factory | Discovered new exit (range 8) 5533 | -7/Factory | Reached level 16 5563 | -7/Factory | Destroyed 10 combat bots 5671 | -7/Factory | First assault squad dispatched 5678 | -7/Factory | Fabricated Imp. EM Pulse Cannon (x1) 5689 | -7/Factory | Build established: Hacker-Sprinter 5742 | -7/Factory | Discovered new exit (range 15) 5749 | -7/Factory | Discovered new exit (range 15) 5754 | -7/Factory | Identified exit to Storage 5754 | -7/Factory | Identified exit to Lower Caves 5773 | -7/Factory | Identified exit to Garrison 5773 | -7/Factory | Entered Garrison 5814 | -7/Garrison | Triggered checkpoint 5932 | -7/Garrison | Garrison Relay disabled 5994 | -7/Garrison | Triggered checkpoint 5998 | -7/Garrison | Triggered checkpoint 6002 | -7/Garrison | Reached level 17 6010 | -7/Garrison | Triggered checkpoint 6025 | -7/Garrison | Triggered checkpoint 6034 | -7/Garrison | Discovered new exit (range 8) 6042 | -7/Garrison | Triggered checkpoint 6053 | -7/Garrison | Garrison Relay disabled 6081 | -7/Garrison | Triggered checkpoint 6094 | -7/Garrison | Heavy support dispatched to Factory 6095 | -7/Garrison | Discovered new exit (range 6) 6119 | -7/Garrison | Discovered new exit (range 10) 6121 | -7/Garrison | Destroyed 7 combat bots 6126 | -7/Garrison | Triggered checkpoint 6166 | -7/Garrison | Garrison Relay disabled 6196 | -7/Garrison | Discovered new exit (range 10) 6200 | -7/Garrison | Triggered checkpoint 6221 | -7/Garrison | Triggered checkpoint 6272 | -7/Garrison | Entered Factory 6334 | -7/Factory | Destroyed 12 combat bots 6424 | -7/Factory | Discovered new exit (range 14) 6499 | -7/Factory | Garrison activated, responded to threat 6544 | -7/Factory | Discovered new exit (range 8) 6672 | -7/Factory | First assault squad dispatched 6704 | -7/Factory | Reached level 18 6749 | -7/Factory | Destroyed 8 combat bots 6758 | -7/Factory | Discovered new exit (range 7) 6772 | -7/Factory | Allied Derelicts emerged from ambush trap array 6795 | -7/Factory | Cargo convoy interrupted 6799 | -7/Factory | Garrison activated, responded to threat 6845 | -7/Factory | Destroyed 9 combat bots 6881 | -7/Factory | High security lockdown imminent 6961 | -7/Factory | High security lockdown engaged 7092 | -7/Factory | Destroyed 8 combat bots 7137 | -7/Factory | Destroyed 9 combat bots 7194 | -7/Factory | Destroyed 9 combat bots 7257 | -7/Factory | Destroyed 10 combat bots 7310 | -7/Factory | Entered Lower Caves 7321 | -7/Lower Caves | Attracted the attention of an 0b10 checkpoint 7339 | -7/Lower Caves | Learned Factory emergency access door positions 7341 | -7/Lower Caves | Learned location of 1 exit from Factory 7346 | -7/Lower Caves | Met a Warlord Commander 7347 | -7/Lower Caves | Learned location of Warlord (-5) 7347 | -7/Lower Caves | Destroyed 7 combat bots 7354 | -7/Lower Caves | Found Encrypted Comm Array 7449 | -7/Lower Caves | Discovered new exit (range 15) 7611 | -7/Lower Caves | Entered another Lower Caves area 7613 | -7/Lower Caves | Reached level 19 7614 | -7/Lower Caves | Learned 12 Factory zone layouts 7619 | -7/Lower Caves | Upgraded with Utility slot (x1) 7680 | -7/Lower Caves | Discovered new exit (range 5) 7682 | -7/Lower Caves | Entered Data Miner 7682 | -7/Data Miner | Discovered new exit (range 6) 7687 | -7/Data Miner | Met Data Miner 7693 | -7/Data Miner | Learned location of Section 7 (-2) 7693 | -7/Data Miner | Acquired the access code to Warlord's prototype stash 7696 | -7/Data Miner | Received God Mode back door access code from Data Miner 7702 | -7/Data Miner | Entered Proximity Caves 7715 | -6/Proximity Caves | Escorted by Enhanced Grunt 7760 | -6/Proximity Caves | Learned location of 1 exit from Factory 7770 | -6/Proximity Caves | Attracted the attention of an 0b10 base 7787 | -6/Proximity Caves | Learned Armory emergency access door positions 7795 | -6/Proximity Caves | Destroyed 7 combat bots 7819 | -6/Proximity Caves | Learned Factory trap positions 7898 | -6/Proximity Caves | Discovered new exit (range 9) 7916 | -6/Proximity Caves | Entered Factory 7916 | -6/Factory | Accompanied by 1 ally 7917 | -6/Factory | Identified exit to Factory 7919 | -6/Factory | Loaded intel: 114 trap records 7957 | -6/Factory | Joined by Warlord Chimera squad 7963 | -6/Factory | Reached level 20 7965 | -6/Factory | Garrison activated, responded to threat 8013 | -6/Factory | Joined by Warlord Dakka squad 8016 | -6/Factory | Destroyed 13 combat bots 8076 | -6/Factory | Joined by Warlord Geek squad 8090 | -6/Factory | Spotted B-75 Beast 8090 | -6/Factory | Destroyed B-75 Beast 8136 | -6/Factory | Identified exit to Lower Caves 8149 | -6/Factory | Entered Lower Caves 8167 | -6/Lower Caves | Learned Factory terminal intel 8175 | -6/Lower Caves | Encountered a Warlord checkpoint 8188 | -6/Lower Caves | Discovered new exit (range 10) 8190 | -6/Lower Caves | Entered another Lower Caves area 8209 | -6/Lower Caves | Encountered a Warlord checkpoint 8275 | -6/Lower Caves | Discovered new exit (range 10) 8285 | -6/Lower Caves | Entered Zion 8299 | -6/Zion | Discovered new exit (range 15) 8348 | -6/Zion | Learned location of 1 exit from Factory 8360 | -6/Zion | Gained Derelict followers 8446 | -6/Zion | Given A8's code to call for help 8455 | -6/Zion | Learned location of Armory (-4) 8501 | -6/Zion | Discovered new exit (range 3) 8501 | -6/Zion | Saw the warning signs outside the Deep Caves entrance 8502 | -6/Zion | Entered Deep Caves 8504 | -6/Deep Caves | Reached level 21 8567 | -6/Deep Caves | Attacked by Z-Imprinter 8576 | -6/Deep Caves | Z-Facility disabled 8579 | -6/Deep Caves | Destroyed Z-Imprinter 8757 | -6/Deep Caves | Discovered new exit (range 6) 8815 | -6/Deep Caves | Found Prototype Protection 8815 | -6/Deep Caves | Identified Zio. Weapon Casing 8859 | -6/Deep Caves | Upgraded with Utility slot (x1) 8877 | -6/Deep Caves | Found Zio. Weapon Casing 8880 | -6/Deep Caves | Found Prototype Protection 8925 | -6/Deep Caves | Spotted as-94237 8951 | -6/Deep Caves | Destroyed as-94237 8970 | -6/Deep Caves | Found GOLEM Unit 9001 | -6/Deep Caves | Spotted as-67530 9027 | -6/Deep Caves | Destroyed as-67530 9034 | -6/Deep Caves | Found Prototype Energy Gun 9034 | -6/Deep Caves | Identified AWS/Thermal 9069 | -6/Deep Caves | Entered Proximity Caves 9109 | -5/Proximity Caves | Upgraded with Power slot (x1) 9110 | -5/Proximity Caves | Released all parts (15) 9397 | -5/Proximity Caves | Build established: Hacker-Mutant 9777 | -5/Proximity Caves | Build established: Hacker-Golem 9870 | -5/Proximity Caves | Spotted B-75 Beast 9891 | -5/Proximity Caves | Destroyed B-75 Beast 10151 | -5/Proximity Caves | Entered Factory 10152 | -5/Factory | Identified exit to Upper Caves 10153 | -5/Factory | Loaded intel: 26 terminal locations 10153 | -5/Factory | Reached level 22 10211 | -5/Factory | Identified exit to DSF 10211 | -5/Factory | Entered DSF 10251 | -5/DSF | Additional patrols routed to DSF 10257 | -5/DSF | Discovered new exit (range 15) 10376 | -5/DSF | Sterilization system engaged 10396 | -5/DSF | Ambient heat levels rising (+10) 10411 | -5/DSF | Ambient heat levels rising (+10) 10426 | -5/DSF | Ambient heat levels rising (+10) 10441 | -5/DSF | Ambient heat levels rising (+10) 10456 | -5/DSF | Ambient heat levels rising (+10) 10471 | -5/DSF | Ambient heat levels rising (+10) 10486 | -5/DSF | Ambient heat levels rising (+10) 10501 | -5/DSF | Ambient heat levels rising (+10) 10503 | -5/DSF | Entered Factory 10505 | -4/Factory | Reached level 23 10657 | -4/Factory | Reached level 24 10714 | -4/Factory | Identified exit to Upper Caves 10714 | -4/Factory | Identified exit to Extension 10714 | -4/Factory | Identified exit to Armory 10807 | -4/Factory | Entered Extension 10864 | -4/Extension | Rescued a captive Derelict 10924 | -4/Extension | Rescued a captive Derelict 10924 | -4/Extension | Rescued a captive Derelict 10978 | -4/Extension | Rescued a captive Derelict 11018 | -4/Extension | Rescued a captive Derelict 11018 | -4/Extension | Rescued a captive Derelict 11086 | -4/Extension | Rescued a captive Derelict 11108 | -4/Extension | Spotted B-86 Titan 11115 | -4/Extension | Spotted B-86 Titan 11137 | -4/Extension | Destroyed B-86 Titan 11141 | -4/Extension | Allies destroyed B-86 Titan 11196 | -4/Extension | Rescued a captive Derelict 11261 | -4/Extension | Reached level 25 11276 | -4/Extension | Rescued A7 11283 | -4/Extension | Rescued a captive Derelict 11309 | -4/Extension | Rescued a captive Derelict 11451 | -4/Extension | Upgraded with Utility slot (x1) 11494 | -4/Extension | Rescued a captive Derelict 11495 | -4/Extension | Rescued a captive Derelict 11523 | -4/Extension | Discovered new exit (range 10) 11524 | -4/Extension | Discovered new exit (range 6) 11563 | -4/Extension | Entered Cetus 11563 | -4/Cetus | Accompanied by 16 allies (A7) 11568 | -4/Cetus | Acquired a Cetus Manufacturing Module code from A7 11580 | -4/Cetus | Spotted Cetus Guard 11580 | -4/Cetus | Spotted Cetus Guard 11581 | -4/Cetus | Destroyed Cetus Guard 11581 | -4/Cetus | Spotted Cetus Guard 11583 | -4/Cetus | Spotted Cetus Guard 11596 | -4/Cetus | Allies destroyed Cetus Guard 11597 | -4/Cetus | Allies destroyed Cetus Guard 11602 | -4/Cetus | Allies destroyed Cetus Guard 11650 | -4/Cetus | Started Cetus Manufacturing Module 11675 | -4/Cetus | Manufactured an Enhanced Grunt 11688 | -4/Cetus | Escorted A7 to Cetus Mainframe 11700 | -4/Cetus | Manufactured an Enhanced Grunt 11725 | -4/Cetus | Manufactured an Enhanced Grunt 11728 | -4/Cetus | Discovered new exit (range 15) 11750 | -4/Cetus | Manufactured an Enhanced Grunt 11751 | -4/Cetus | Spotted Cetus Guard 11751 | -4/Cetus | Spotted Cetus Guard 11752 | -4/Cetus | Spotted Cetus Guard 11753 | -4/Cetus | Spotted Cetus Guard 11755 | -4/Cetus | Allies destroyed Cetus Guard 11763 | -4/Cetus | Destroyed Cetus Guard 11763 | -4/Cetus | Reached level 26 11765 | -4/Cetus | Allies destroyed Cetus Guard 11767 | -4/Cetus | Discovered new exit (range 16) 11775 | -4/Cetus | Manufactured an Enhanced Grunt 11775 | -4/Cetus | Met Revision 17 11845 | -4/Cetus | Entered Archives 11845 | -4/Archives | Accompanied by 13 allies (A7) 11850 | -4/Archives | Received a hacking code to weaken MAIN.C 11884 | -4/Archives | Discovered new exit (range 15) 11911 | -4/Archives | Discovered new exit (range 16) 11955 | -4/Archives | Entered Hub_04(d) 11955 | -4/Hub_04(d) | Accompanied by 11 allies 11985 | -4/Hub_04(d) | Discovered new exit (range 5) 12023 | -4/Hub_04(d) | Build established: Commander-Golem 12108 | -4/Hub_04(d) | Reached level 27 12108 | -4/Hub_04(d) | Upgraded with Utility slot (x1) 12252 | -4/Hub_04(d) | Discovered new exit (range 6) 12311 | -4/Hub_04(d) | Destroyed 9 combat bots 12335 | -4/Hub_04(d) | Discovered new exit (range 7) 12415 | -4/Hub_04(d) | Build established: Hacker-Golem 12501 | -4/Hub_04(d) | Discovered new exit (range 15) 12614 | -4/Hub_04(d) | Network Hub disabled 12634 | -4/Hub_04(d) | Spotted Lightning 12637 | -4/Hub_04(d) | Spotted Lightning 12640 | -4/Hub_04(d) | Destroyed Lightning 12642 | -4/Hub_04(d) | Spotted Lightning 12648 | -4/Hub_04(d) | Destroyed Lightning 12652 | -4/Hub_04(d) | Spotted Lightning 12654 | -4/Hub_04(d) | Spotted Lightning 12662 | -4/Hub_04(d) | Spotted Lightning 12664 | -4/Hub_04(d) | Destroyed Lightning 12670 | -4/Hub_04(d) | Core integrity fell below 50% 12677 | -4/Hub_04(d) | System corruption reached 10% 12680 | -4/Hub_04(d) | Destroyed Lightning 12690 | -4/Hub_04(d) | Destroyed Lightning 12717 | -4/Hub_04(d) | Found Prototype Device 12717 | -4/Hub_04(d) | Identified Exp. Phase Shifter 12775 | -4/Hub_04(d) | Found Prototype Processor 12775 | -4/Hub_04(d) | Identified Exp. Targeting Computer 12786 | -4/Hub_04(d) | Found Prototype Device 12786 | -4/Hub_04(d) | Identified Exp. EM Disruption Field 12794 | -4/Hub_04(d) | Network Hub disabled 12856 | -4/Hub_04(d) | Spotted Lightning 12856 | -4/Hub_04(d) | Spotted Lightning 12857 | -4/Hub_04(d) | Spotted Lightning 12866 | -4/Hub_04(d) | Destroyed Lightning 12877 | -4/Hub_04(d) | Destroyed Lightning 12889 | -4/Hub_04(d) | Destroyed Lightning 12931 | -4/Hub_04(d) | Network Hub disabled 12931 | -4/Hub_04(d) | Network Hub disabled 12940 | -4/Hub_04(d) | Destroyed Lightning 12994 | -4/Hub_04(d) | First assault squad dispatched 13015 | -4/Hub_04(d) | Incoming assault squad redirected 13093 | -4/Hub_04(d) | Entered Research 13095 | -3/Research | Reached level 28 13207 | -3/Research | Incoming assault squad redirected 13293 | -3/Research | Revision forces began assault on 0b10 13341 | -3/Research | Reached level 29 13341 | -3/Research | Met up with Revision 17++ 13786 | -3/Research | Discovered new exit (range 13) 13793 | -3/Research | Research terminal network offline 13804 | -3/Research | Identified exit to Research 13848 | -3/Research | Discovered exit to Research (range 8) 14660 | -3/Research | Upgraded with Utility slot (x1) 14683 | -3/Research | Spotted Striker 14692 | -3/Research | Destroyed Striker 14723 | -3/Research | Spotted Striker 14731 | -3/Research | Destroyed Striker 14868 | -3/Research | Discovered exit to Research (range 15) 15057 | -3/Research | Spotted Striker 15306 | -3/Research | Spotted B-90 Cyclops 15314 | -3/Research | Discovered new exit (range 8) 15338 | -3/Research | Destroyed B-90 Cyclops 15381 | -3/Research | Entered Quarantine 15383 | -3/Quarantine | Reached level 30 15579 | -3/Quarantine | Scanned by Researcher 15599 | -3/Quarantine | Found Alien Reactor 15709 | -3/Quarantine | Found Alien Artifact 15709 | -3/Quarantine | Identified Subatomic Replicator 15743 | -3/Quarantine | Found Prototype Processor 15743 | -3/Quarantine | Identified Exp. Terrain Scan Processor 15983 | -3/Quarantine | Found Alien Artifact 15983 | -3/Quarantine | Identified Core Reset Matrix 15983 | -3/Quarantine | Identified Matter Drive 15983 | -3/Quarantine | Used Core Reset Matrix 15987 | -3/Quarantine | Detected hypermatrix surge 15987 | -3/Quarantine | Sensed 10 artifacts in vicinity 16037 | -3/Quarantine | Found Core Cannon 16131 | -3/Quarantine | First assault squad dispatched 16197 | -3/Quarantine | Found Transdimensional Reconstructor 16199 | -3/Quarantine | Found Hpw. Transdimensional Reconstructor 16207 | -3/Quarantine | Found Transdimensional Reconstructor 16229 | -3/Quarantine | Met incapacitated Sigix Warrior 16229 | -3/Quarantine | Lockdown squad dispatched 16495 | -3/Quarantine | Discovered exit to Research (range 11) 16650 | -3/Quarantine | Incoming assault squad redirected 16857 | -3/Quarantine | Entered Research 16859 | -2/Research | Reached level 31 16928 | -2/Research | Garrison activated, responded to threat 16959 | -2/Research | Spotted B-90 Cyclops 17008 | -2/Research | Incoming assault squad redirected 17099 | -2/Research | Core integrity fell below 50% 17103 | -2/Research | Reached level 32 17135 | -2/Research | Destroyed 8 combat bots 17357 | -2/Research | First assault squad dispatched 17376 | -2/Research | Incoming assault squad redirected 17421 | -2/Research | Discovered new exit (range 13) 17421 | -2/Research | Identified exit to Testing 17753 | -2/Research | Discovered new exit (range 10) 17834 | -2/Research | Entered Testing 17998 | -2/Testing | Spotted Striker 18471 | -2/Testing | Found Prototype Energy Cannon 18471 | -2/Testing | Identified Disintegrator 18489 | -2/Testing | Reached level 33 18497 | -2/Testing | Spotted Alpha 7 18529 | -2/Testing | Destroyed Alpha 7 18542 | -2/Testing | System corruption reached 10% 18582 | -2/Testing | Rewired 3W-2IS(K) 18593 | -2/Testing | Rewired 85-YMO(K) 18751 | -2/Testing | Found Prototype Energy Cannon 18751 | -2/Testing | Identified Imp. Potential Cannon 18797 | -2/Testing | Discovered new exit (range 19) 18832 | -2/Testing | Spotted PY-EYBET4OYKS 18874 | -2/Testing | Spotted Fortress 18964 | -2/Testing | Core integrity fell below 20% 18967 | -2/Testing | Allies destroyed Fortress 19067 | -2/Testing | Discovered new exit (range 6) 19086 | -2/Testing | Destroyed 85-YMO(K) 19095 | -2/Testing | Destroyed 3W-2IS(K) 19102 | -2/Testing | Entered Section 7 19103 | -2/Section 7 | Sensed 23 artifacts in vicinity 19125 | -2/Section 7 | Found Integrity Redistributor 19125 | -2/Section 7 | Used Integrity Redistributor, redistributed integrity to core (+353) 19586 | -2/Section 7 | Found Integrated Dissipator 19586 | -2/Section 7 | Installed Integrated Dissipator, increased core heat dissipation (+20) 19606 | -2/Section 7 | Scanned by Researcher 19790 | -2/Section 7 | Destroyed 9 combat bots 19981 | -2/Section 7 | Discovered new exit (range 13) 20031 | -2/Section 7 | Spotted S7 Guard 20042 | -2/Section 7 | Destroyed S7 Guard 20137 | -2/Section 7 | Spotted Executioner 20156 | -2/Section 7 | Spotted Executioner 20168 | -2/Section 7 | Self-destructed Last Messages --------------- Trojan loaded successfully. Testing... Terminal linked with 1 system. Awaiting botnet instructions. 20132_ Connecting with Door Terminal... >>Open(Door) Sealed Heavy Doors opened. 20138_ Construction Supplies damaged. 20143_ Critical hit (Impale). 20159_ Slug penetrates Wall. 20160_ Slug penetrates Earth. 20160_ Penetrated by Slug. 20160_ Destroyed Unknown Reactor. 20161_ Q811-m follow-up attacks with Unknown Piercing Weapon. 20162_ Penetrated by Slug. 20162_ Slug penetrates Terminal. 20162_ Terminal disabled. 20163_ Slug penetrates Wall. 20163_ Q811-m destroyed. 20166_ Penetrated by Slug. Map ----- +----------------------------------------------------+ | | | | | | | | | | | | | | | | | | | | | | | | | | | | | ?????????????????????????????????????????????????? | | ?????????????????????????????????????????????????? | | ?????????????????????????????????????????????????? | | ?????????????????????????????????????????????????? | | ?????????????????????????????????????????????????? | | ?????????????????????????????????????????????????? | | ?????????????????????????????###################?? | | ##???????????????????????????#"""""""""" ? | | ???????????????????????#???#" ? | | #????????????????????### ##?#" ? | | #????????????######### # ###" | | #????????????# ;;;;;;@;;T# | | #???????????#; *%/ E | | #???###?????## "" !!%= E | | #???#"#??????# #####;##### | | #???#%######### ##??# #????# | | #####%![ # #???##?????#" | | +!"""S""" # #???????????" " | | ######=""" """ " #???????????" """ | | #????# # "???????????" " ? | | #????# """"""" # ##??????????" " ?????? | | #????# """"""" # #???????????" ????? | | #????# """"""" " #???????????" """""" ???? | | #????# # #???????????" "??????????? | | #????########### !#???????????" "??????????? | | "#?????????????#!%"???????????? ??????????? | | ##?????????????# !"???????????? ?????????? | | ??????????????? [%???????????? """????????? | | ??????????????? %"???????????? "??????????? | | ???????????????# #???????????? "??????????? | | ???????????????# "???????????? ??????????? | | ???????????????# #???????????? ??????????? | | ???????????????# #???????????? ?????????????? | | ???????????????# #???????????? ???????????????? | | ???????????????? ???????????????????????????????? | | ???????????????? ???????????????????????????????? | +----------------------------------------------------+ Best States ------------- Heat Dissipation 138 Energy Generation 60 Energy Capacity 2900 Matter Stores 550 Matter Capacity 550 Sight Range 20 Terrain Scan Density 10 Additional Mass Support 20 Armor Coverage 400 Resistance: KI 35 Resistance: TH 35 Resistance: EX 35 Resistance: EM 95 Resistance: I 35 Resistance: S 35 Resistance: P 35 Weapon Shielding 100 Weapon Cycling 25 Phase Shifting 20 Evasion (%) 72 Targeting Accuracy 8 Target Analysis 5 Core Analysis 8 Armor Integrity Analysis 30 Kinecelleration 40 Salvage Targeting 2 Offensive Hacking 20 Defensive Hacking 10 Item Schematics ----------------- None Robot Schematics ------------------ None Fabricated ------------ Imp. EM Pulse Cannon | x1 | -7/Factory Alien Tech Used ----------------- Subatomic Replicator Core Reset Matrix Core Cannon Integrity Redistributor Integrated Dissipator Achievements -------------- None Challenges ------------ None RPGLIKE | -11 -10 -10 -9 -9 -9 -8 -8 -8 -8 -7 -7 -7 -7 -7 -7 -6 -6 -6 -6 -6 -6 -5 -5 -5 -4 -4 -4 -4 -4 -3 -3 -2 -2 -2 --------- Run | Jun Mat Min Mat Min Exi Min Mat Gar Mat Fac Gar Fac Low Low Dat Pro Fac Low Low Zio Dee Pro Fac DSF Fac Ext Cet Arc Hub Res Qua Res Tes Sec Levels Raised 32 | . . 1 4 1 1 1 3 1 2 1 1 1 . 1 . . 1 . . . 1 . 1 . 2 1 1 . 1 2 1 2 1 . XP Earned 53159 | 4000 1060 750 5990 2536 200 1791 4573 2193 2088 1828 1886 1794 279 120 73 792 1305 221 198 118 321 969 734 771 2145 2145 1054 276 2126 2840 1393 2871 713 1006 XP Spent 48960 | 4000 . . 5720 1100 . . 8160 425 4080 2550 300 2100 . 2000 . 360 . . . . 2300 500 . 1500 1100 3550 . . 2900 3300 1515 1500 . . Upgrades 70 | 7 . . 12 2 . . 10 2 5 5 1 1 . 1 . 2 . . . . 1 1 . 3 1 5 . . 1 3 4 3 . . Power Slot 1 | . . . . . . . . . . . . . . . . . . . . . . 1 . . . . . . . . . . . . Propulsion Slot 3 | 1 . . 1 . . . 1 . . . . . . . . . . . . . . . . . . . . . . . . . . . Utility Slot 10 | 1 . . 1 . . . 1 . 2 . . . . 1 . . . . . . 1 . . . . 1 . . 1 1 . . . . Weapon Slot 4 | 1 . . 1 . . . 2 . . . . . . . . . . . . . . . . . . . . . . . . . . . Core Integrity 5 | . . . . . . . 2 . . . . . . . . . . . . . . . . . . . . . . 2 1 . . . Heat Dissipation 8 | . . . 4 . . . . . 2 . . . . . . 2 . . . . . . . . . . . . . . . . . . Energy Generation 3 | . . . . . . . . . . . 1 . . . . . . . . . . . . . . . . . . . 2 . . . Energy Storage 4 | . . . . . . . . . . . . . . . . . . . . . . . . . . 4 . . . . . . . . Matter Storage 2 | . . . . . . . . 2 . . . . . . . . . . . . . . . . . . . . . . . . . . Mass Support 5 | . . . . . . . 4 . . . . 1 . . . . . . . . . . . . . . . . . . . . . . Inventory Capacity 5 | 4 . . . . . . . . . 1 . . . . . . . . . . . . . . . . . . . . . . . . Sight Range 4 | . . . . . . . . . . . . . . . . . . . . . . . . . . . . . . . 1 3 . . Ranged Accuracy 4 | . . . 1 2 . . . . 1 . . . . . . . . . . . . . . . . . . . . . . . . . Hack Attack % 2 | . . . . . . . . . . 2 . . . . . . . . . . . . . . . . . . . . . . . . Hack Defense % 2 | . . . . . . . . . . 2 . . . . . . . . . . . . . . . . . . . . . . . . KI Damage % 4 | . . . 4 . . . . . . . . . . . . . . . . . . . . . . . . . . . . . . . TH Damage % 4 | . . . . . . . . . . . . . . . . . . . . . . . . 3 1 . . . . . . . . . Protomatter Created 11585 | . 77 33 331 42 . 103 511 639 836 254 713 1130 302 54 . 289 352 . 116 . 385 196 . 230 38 466 68 88 1099 750 534 959 313 677 Integrity Restored 15103 | . 119 99 806 129 . 301 533 258 602 61 840 625 40 115 . 67 139 . 159 . 683 476 . 312 60 1110 83 14 1455 1142 735 1856 749 1535 Core 10902 | . 109 99 595 129 . 153 375 208 423 44 383 519 33 32 . 40 92 . 115 . 488 231 . 312 60 641 60 11 1155 912 524 1513 449 1197 Parts 4201 | . 10 . 211 . . 148 158 50 179 17 457 106 7 83 . 27 47 . 44 . 195 245 . . . 469 23 3 300 230 211 343 300 338 Protomatter Decayed 12328 | . 35 . . . . . 326 549 546 302 377 830 280 . . 368 282 . 60 . 150 . . 126 18 376 160 88 1203 5379 285 401 60 127 Game ------ Seed ConstructLightpackDetonator Manual? 0 Play Time 03:22:37 Cumulative 130.3 hours Start 2023.05.16 @ 17:35:59 End 2023.05.17 @ 16:24:10 Sessions 5 Manual Loads 0 Difficulty Adventurer Special Mode Winter2019/RPGLIKE Game No. 89 Rogue 46 Adventurer 9 Explorer 34 Win Type - Total 19 Types 10/0/4/4/1/0/0/0/0 Lore% 75 Gallery% 71 Achievement% 76 Wizard Run 0 Options --------- ASCII 0 Keyboard 0 Movement Mouse Keybinds 0 Fullscreen 1 Font 18/Smallcaps Map View 76x50 Tactical HUD 1 Map Filters NONE Filters NONE Steam 1 RUN: 2faa27ad-0836-439d-ab9d-481335376977